 Dungeon Crawl Stone Soup version 0.31-a0-174-g85c54bcb58 (webtiles) character file.

Game seed: 12123520053075424174

565220 qw the Conqueror (level 26, -14/193 HPs)
             Began as a Gargoyle Fighter on June 15, 2023.
             Was an Elder of Okawaru.
             Demolished by a rockslime (47 damage)
             ... created by the Royal Jelly
             ... on level 5 of the Pits of Slime.
             The game lasted 00:40:15 (50469 turns).

qw the Conqueror (Gargoyle Fighter)                Turns: 50469, Time: 00:40:15

Health: -14/193    AC: 45    Str: 28    XL:     26   Next: 78%
Magic:  20/25      EV: 25    Int: 10    God:    Okawaru [****..]
Gold:   372        SH: 24    Dex:  9    Spells: 25/25 levels left

rFire   + . .        M - +11 broad axe of Hugamo {chaos, rElec Str+2}
rCold   + . .        J - +1 tower shield {AC+3}
rNeg    + . .        K - +1 scale mail of Exclusion {Rampage Fly rCorr Str-5}
rPois   inf          b - +1 helmet of Midnight {rF+ Regen+}
rElec   +            N - +2 cloak {rPois}
rCorr   +            s - +2 pair of gloves
SInv    .            p - +2 pair of boots
Will    +....        H - amulet of faith
Stlth   +            y - +5 ring of evasion
HPRegen 1.32/turn    m - +5 ring of evasion
MPRegen 0.19/turn

%: rampage, faith
@: about to teleport, heroic, corroded, flying
A: sickness immunity, AC +20, big wings, negative energy resistance 1,
electricity resistance, torment resistance 1, petrification resistance, cold
resistance 1, low MP 2, screaming 2, MP-powered wands
}: 3/15 runes: serpentine, barnacled, silver
a: Renounce Religion, Heroism, Finesse


You were on level 5 of the Pits of Slime.
You worshipped Okawaru.
Okawaru was greatly pleased with you.
You visited 10 branches of the dungeon, and saw 49 of its levels.
You visited the Abyss 2 times.
You visited 1 bazaar.
You also visited: Gauntlet.

You collected 6130 gold pieces.
You spent 5758 gold pieces at shops.


Innate Abilities, Weirdness & Mutations

You are immune to sickness and miasma.
Your stone body is resilient. (AC +20)
You are immune to poison.
Your large and strong wings let you fly.
You resist negative energy. (rN+)
You are resistant to electric shocks. (rElec)
You are resistant to unholy torment.
You are immune to petrification.
Your flesh is cold resistant. (rC+)
Your magical capacity is very low. (-20% MP)
You frequently scream uncontrollably at your foes.
You expend magic power (3 MP) to strengthen your wands.


   Skills:
 O Level 27 Fighting
 - Level 18.0(23.0) Axes
 - Level 15.0(20.0) Throwing
 - Level 22.0(27) Armour
 + Level 10.5(15.5) Dodging
 - Level 22.0(27) Shields
 - Level 11.6 Invocations


You had 25 spell levels left.
You didn't know any spells.
Your spell library was empty.

Inventory:

Hand Weapons
 h - a +6 broad axe of flaming
 M - the +11 broad axe of Hugamo (weapon) {chaos, rElec Str+2}
   (Okawaru gifted it to you on level 2 of the Depths)

   Str:       It affects your strength (+2).
   rElec:     It insulates you from electricity.
Missiles
 t - 42 boomerangs
 E - 2 silver boomerangs (quivered)
Armour
 b - the +1 helmet of Midnight (worn) {rF+ Regen+}
   (You found it on level 8 of the Dungeon)

   rF:        It protects you from fire.
   Regen:     It increases your rate of health regeneration.
 g - a +2 helmet of see invisible
 p - a +2 pair of boots (worn)
 s - a +2 pair of gloves (worn)
 w - a scarf of resistance
 x - a +5 plate armour of willpower
 I - +0 gold dragon scales
 J - a +1 tower shield of protection (worn)
 K - the +1 scale mail of Exclusion (worn) {Rampage Fly rCorr Str-5}
   (You found it on level 4 of the Vaults)

   Str:       It affects your strength (-5).
   Fly:       It grants you flight.
   rCorr:     It protects you from acid and corrosion.
   Rampage:   It bestows one free step when moving towards enemies.
 N - a +2 cloak of poison resistance (worn)
 R - the +0 fire dragon scales of the Miller {rElec rF++ rC- Will+ SInv}
   (You found it on level 5 of the Vaults)

   rF:        It greatly protects you from fire.
   rC:        It makes you vulnerable to cold.
   rElec:     It insulates you from electricity.
   SInv:      It lets you see invisible.
   Will:      It increases your willpower.
Jewellery
 m - a +5 ring of evasion (right hand)
 y - a +5 ring of evasion (left hand)
 A - an amulet of reflection
 C - a ring of fire
 D - a ring of resist corrosion
 H - an amulet of faith (around neck)
 O - a ring of protection from cold
 P - a ring of protection from cold
 Q - a ring of resist corrosion
 S - a ring of protection from fire
Wands
 c - a wand of digging (24)
Scrolls
 a - 2 scrolls of enchant weapon
 f - 20 scrolls of identify
 j - 2 scrolls of teleportation
 r - a scroll of brand weapon
Potions
 d - 8 potions of might
 e - 9 potions of heal wounds
 i - 12 potions of mutation
 k - 16 potions of curing
 l - 11 potions of lignification
 o - 10 potions of haste
 q - 5 potions of magic
 z - 12 potions of attraction
 B - a potion of resistance
 G - a potion of cancellation

Dungeon Overview and Level Annotations

Branches:
Dungeon (15/15)            Temple (1/1) D:5            Lair (5/5) D:11
 Shoals (4/4) Lair:3        Snake (4/4) Lair:3        Slime (5/5) Lair:4
    Orc (2/2) D:11            Elf (0/3) Orc:2        Vaults (5/5) D:14
  Crypt (0/3) Vaults:3     Depths (4/4) D:15            Zot (4/5) Depths:4
Gauntlet (visited)

Altars:
Ashenzari
Cheibriados
Dithmenos
Elyvilon
Fedhas
Gozag
Hepliaklqana
Kikubaaqudgha
Makhleb
Nemelex Xobeh
Okawaru
Qazlal
Ru
Sif Muna
Trog
Uskayaw
Vehumet
Wu Jian
Xom
Yredelemnul
Zin
The Shining One
Jiyva

Shops:
D:15 [**([   Orc:1 *   Orc:2 *([:   Shoals:1 (   Shoals:4 =:   Snake:3 **(([
Vaults:5 =   Depths:2 :=:

Portals:
Hell: Depths:1 Depths:2 Depths:3 Depths:4
Abyss: Depths:1 Depths:3
Pandemonium: Depths:2
Ziggurat: Depths:4
Trove: D:14 (give 3 potions of resistance)

Annotations:
D:6 2 transporters, qw's ghost, novice GrFi
Lair:1 1 runed translucent door, qw's ghost, novice GrFi
Lair:5 2 runed translucent doors
Slime:5 Royal Jelly
Orc:2 2 transporters, qw's ghost, adept GrFi
Abyss:1 Aizul


Message History

You kill the azure jelly!
That felt strangely unrewarding.
You slice the rockslime!!
The rockslime suddenly seems more agile.
You barely miss the Royal Jelly. The Royal Jelly barely misses you.
The Royal Jelly hits you but does no damage.
The rockslime hits you.
You hold your ground!
You slash the Royal Jelly! You drain the Royal Jelly.
Your hands burn!
The Royal Jelly is almost dead.
You hit the rockslime but do no damage.
The Royal Jelly shudders vigorously.
The Royal Jelly spits out two more jellies.
You hit the rockslime.
The rockslime is heavily wounded.
You slice the azure jelly!! You hit the rockslime. You freeze the rockslime.
The rockslime hits you!!
You hold your ground!
The azure jelly jiggles.
You slash the rockslime!
The rockslime seems to grow stronger.
The rockslime is almost dead.
You hit the azure jelly but do no damage.
You hit the rockslime but do no damage. The rockslime hits you!
You hold your ground!
The rockslime hits you!!
You hold your ground!
You block the azure jelly's attack. The azure jelly misses you.
You block the azure jelly's attack. The azure jelly misses you.
You hit the rockslime but do no damage.
The rockslime is severely wounded.
You hit the azure jelly but do no damage.
You drain the azure jelly. You hit the rockslime but do no damage.
You feel like a meek peon again.
The rockslime hits you but does no damage.
The rockslime barely misses you.
50468 ||| INVOKING Heroism.
You gain the combat prowess of a mighty hero.
You block the rockslime's attack. The rockslime hits you!!
You hold your ground!
50469 ||| READING 3 scrolls of teleportation.
As you read the scroll of teleportation, it crumbles to dust.
You feel strangely unstable.
You block the rockslime's attack. x2; The rockslime hits you!!!
You die...

##..................
##................. J
##................ ##
##............... .##
#............... .#=#
#............... .####
###J..............
_.#JJJ#JJJ..............
...J#JJ@#J..............
.########...............
.#)# #............... .#
#...............
##...............
##................
##.................
##..................
#..................#


You could see the Royal Jelly (resistant, drained), an acid blob, 3 azure
jellies, 4 rockslimes and 2 quicksilver oozes.

Vanquished Creatures
  An orb of fire (Zot:3)
  Sojobo (Vaults:3)
  3 Killer Klowns (Zot:1)
  Vashnia (Snake:2)
  Saint Roka (Depths:2)
  A shard shrike (Zot:3)
  Xtahua (Vaults:5)
  2 caustic shrikes (Depths:2)
  2 bone dragons (Abyss:3)
  12 golden dragons
  An electric golem (Zot:1)
  Rupert (Lair:4)
  A Hell Sentinel (Abyss:3)
  12 tentacled monstrosities
  7 liches
  6 titans
  3 quicksilver dragons (Zot:3)
  5 sphinxes
  3 deep elf master archers (Depths:3)
  Asterion (Depths:2)
  7 acid blobs (Slime:5)
  2 Executioners (Abyss:3)
  10 death cobs
  9 tentacled starspawn (Abyss:3)
  A kraken (Shoals:4)
  5 shadow dragons
  12 tengu reavers
  Roxanne (Shoals:4)
  6 storm dragons
  6 draconian knights
  4 draconian monks
  13 nagarajas
  A revenant (Abyss:3)
  8 rockslimes
  11 fire giants
  6 azure jellies
  Louise (Snake:3)
  2 balrugs
  2 deep elf sorcerers
  4 angels (Zot:1)
  6 draconian scorchers
  21 vault wardens
  An iron dragon (Vaults:4)
  8 draconian shifters
  5 frost giants
  3 formless jellyfish
  3 orc warlords
  3 draconian stormcallers
  24 ironbound preservers
  5 draconian annihilators
  7 quicksilver oozes
  15 very ugly things
  6 war gargoyles
  10 stone giants
  A caustic shrike skeleton (Abyss:3)
  A reaper (Depths:1)
  3 cacodemons (Abyss:3)
  12 ironbound thunderhulks
  2 vampire knights
  13 black draconians
  9 green draconians
  A minotaur (Gauntlet)
  3 deep elf demonologists
  5 red draconians
  A dire elephant (shapeshifter) (Vaults:5)
  13 purple draconians
  14 dire elephants
  4 spark wasps (Depths:2)
  13 white draconians
  11 yellow draconians
  2 crystal guardians (Vaults:4)
  11 ettins
  2 eidola (Vaults:3)
  7 fire dragons
  Josephine (Shoals:1)
  A blizzard demon (Abyss:3)
  2 entropy weavers (Vaults:4)
  3 merfolk javelineers (Shoals:4)
  4 merfolk impalers
  A jiangshi (Vaults:3)
  10 yaktaur captains
  8 great orbs of eyes
  2 rakshasas
  5 deep elf high priests
  A hell beast (Depths:1)
  38 vault guards
  4 merfolk avatars
  2 spriggan air magi (Depths:1)
  3 peacekeepers (Vaults:4)
  8 ice dragons
  10 hydras
  A catoblepas (D:13)
  5 ogre magi
  28 centaur warriors
  3 alligator snapping turtles
  4 boulder beetles
  6 ironbound frosthearts
  2 death knights
  2 salamander tyrants (Snake:4)
  Erica (Orc:1)
  A spriggan skeleton (Depths:2)
  A satyr (shapeshifter) (Zot:1)
  5 two-headed ogres
  10 anacondas
  4 merfolk aquamancers
  3 hell hogs (Depths:1)
  3 tengu warriors (Depths:3)
  5 deep troll shamans
  2 satyrs
  15 naga warriors
  A dancing weapon (Abyss:3)
  4 orc high priests (Orc:2)
  11 deep troll earth magi
  2 spriggan berserkers (Depths:2)
  15 thrashing horrors (Abyss:3)
  18 naga sharpshooters
  4 sun demons
  9 shock serpents
  23 hell knights
  4 soul eaters
  2 wretched stars (Abyss:3)
  3 iron trolls (Depths:2)
  A shadow wraith (Abyss:3)
  3 skeletal warriors
  2 spatial maelstroms (Abyss:3)
  A skyshark (shapeshifter) (Vaults:5)
  A titan skeleton (Depths:2)
  A death drake (Abyss:3)
  3 sixfirhies (Abyss:3)
  13 sea snakes
  4 skysharks
  5 glowing orange brains
  A glowing orange brain (shapeshifter) (Slime:5)
  61 deep trolls
  A shadow dragon zombie (D:15)
  2 deep elf archers (Depths:3)
  2 salamander mystics (Snake:4)
  9 naga ritualists
  A swamp dragon (shapeshifter) (Vaults:5)
  12 lindwurms
  10 wizards
  21 harpies
  A harpy (shapeshifter) (Abyss:3)
  5 deep elf pyromancers
  15 necromancers
  15 orc knights
  18 mana vipers
  12 phantasmal warriors
  18 ironbound convokers
  25 ugly things
  13 fauns
  6 deep elf zephyrmancers
  3 oklob plants (Lair:1)
  15 salamanders
  A wolf spider (D:15)
  3 cyclopes
  6 shining eyes
  8 orc sorcerers
  19 manticores
  23 moths of wrath
  4 worldbinders (Abyss:3)
  A manticore (shapeshifter) (Abyss:3)
  2 frost giant zombies (D:15)
  2 moths of wrath (shapeshifter)
  9 merfolk sirens
  A salamander (shapeshifter) (Vaults:5)
  A guardian serpent (shapeshifter) (Vaults:3)
  A fire giant skeleton (Depths:2)
  48 black mambas
  4 water nymphs
  3 guardian serpents
  4 elephants (Lair:5)
  3 gargoyles
  8 smoke demons
  3 molten gargoyles (Lair:5)
  An apocalypse crab (Abyss:3)
  An eye of devastation (Slime:4)
  9 naga magi
  A water nymph (shapeshifter) (Vaults:3)
  A spriggan zombie (D:15)
  2 orange demons (Abyss:3)
  15 vault sentinels
  A cane toad (shapeshifter) (Vaults:5)
  7 rime drakes
  8 cane toads
  2 human zombies (Vaults:3)
  3 centaur skeletons
  An unseen horror (shapeshifter) (Zot:1)
  A komodo dragon (shapeshifter) (Depths:2)
  7 komodo dragons
  3 unseen horrors (Depths:3)
  2 kobold demonologists
  A yaktaur zombie (Vaults:3)
  4 efreet
  49 yaktaurs
  An iron giant simulacrum (Abyss:3)
  A tormentor (Abyss:3)
  3 freezing wraiths
  8 ancient zymes (Abyss:3)
  4 polar bears
  A harpy zombie (Abyss:3)
  A yaktaur skeleton (Vaults:3)
  A polar bear (shapeshifter) (Vaults:5)
  2 merfolk (shapeshifter)
  18 merfolk
  A queen bee (Gauntlet)
  8 trolls
  A harpy skeleton (Abyss:3)
  A tarantella (shapeshifter) (Orc:2)
  A wind drake (shapeshifter) (Depths:4)
  Prince Ribbit (D:6)
  7 wind drakes
  A hornet (shapeshifter) (Vaults:3)
  13 blink frogs
  8 snapping turtles
  31 raiju (Abyss:3)
  11 dream sheep
  22 large abominations
  A jumping spider (Vaults:4)
  An air elemental (Abyss:3)
  54 slime creatures
  A culicivora (shapeshifter) (D:14)
  A frost giant simulacrum (Depths:2)
  A spriggan (shapeshifter) (D:13)
  A jumping spider (shapeshifter) (Orc:2)
  7 water elementals
  A vampire (D:11)
  2 shadows
  8 ynoxinuls (Abyss:3)
  7 wyverns
  7 wraiths
  A yak (shapeshifter) (Vaults:4)
  Eustachio (D:4)
  73 yaks
  4 steam dragons
  10 basilisks
  6 neqoxecs (Abyss:3)
  A golden eye (Slime:5)
  11 chaos spawn
  Grum (Lair:1)
  2 vampire mosquitoes (D:14)
  A redback (Vaults:4)
  A two-headed ogre zombie (D:11)
  2 harpy simulacra (Abyss:3)
  5 spatial vortices (Abyss:3)
  5 wargs
  57 nagas
  2 acid dragons
  5 hell hounds (Lair:5)
  16 water moccasins
  2 hydra simulacra (Zot:3)
  3 floating eyes
  4 black bears (Lair:3)
  Duvessa (D:4)
  2 sky beasts
  50 orc warriors
  2 ice beasts
  4 ogres
  A boggart (Vaults:1)
  6 wolves
  9 centaurs
  A human skeleton (Vaults:3)
  5 phantoms
  4 kobold brigands
  Blork the orc (D:6)
  8 bullfrogs
  3 gnoll sergeants
  2 scorpions
  26 small abominations
  17 wights
  Dowan (D:4)
  6 killer bees (Gauntlet)
  3 troll zombies (D:11)
  10 electric eels
  4 howler monkeys
  5 lava snakes (Lair:5)
  A crimson imp (Abyss:3)
  2 quasits (Abyss:3)
  4 hounds
  4 jellies
  17 orc priests
  4 iron imps (Abyss:3)
  A sleepcap (D:7)
  39 starcursed masses
  4 iguanas
  Terence (D:3)
  2 gnoll boudas (D:6)
  37 orc wizards
  2 boggart skeletons (D:14)
  5 hell rats (Lair:1)
  4 ogre zombies (D:11)
  21 gnolls
  7 adders
  A shadow imp (Abyss:3)
  3 white imps
  6 ufetubi
  3 worms
  3 dart slugs
  61 orcs
  6 ball pythons
  9 endoplasms
  An endoplasm (shapeshifter) (Vaults:3)
  4 giant cockroaches
  7 goblins
  A hobgoblin (D:2)
  6 jackals (D:2)
  6 quokkas
  A bat (D:3)
  3 frilled lizards
  2 goblin skeletons (D:11)
  4 goblin zombies (D:11)
  A hobgoblin skeleton (D:11)
  3 hobgoblin zombies (D:11)
  21 kobolds
  3 orc skeletons (D:11)
  12 orc zombies (D:11)
  5 rats
  6 starspawn tentacles (Abyss:3)
  3 tentacles (Shoals:4)
2252 creatures vanquished.

Vanquished Creatures (others)
  2 tengu reavers (Vaults:3)
  A naga warrior (Snake:4)
  A soul eater (Depths:1)
  2 wizards
  An ironbound convoker (Vaults:2)
  An orc sorcerer (Vaults:5)
  A yaktaur (Vaults:3)
  A golden eye (Abyss:3)
  A naga (Snake:1)
  An acid dragon (D:13)
  A quasit (Abyss:3)
  An iron imp (Abyss:3)
  17 starspawn tentacles (Abyss:3)
  3 tentacles (Shoals:4)
34 creatures vanquished.

Grand Total: 2286 creatures vanquished

Notes
Turn   | Place    | Note
-------+----------+-------------------------------------------
     0 | D:1      | qw the Gargoyle Fighter began the quest for the Orb.
     0 | D:1      | Reached XP level 1. HP: 14/14 MP: 1/1
     0 | D:1      | 0 ||| qw: Version: 0.2-a-29-g511e9b1
     0 | D:1      | 0 ||| qw: Game counter: 5356
     0 | D:1      | 0 ||| qw: Always use a shield: true
     0 | D:1      | 0 ||| qw: God list: Okawaru
     0 | D:1      | 0 ||| qw: Allow faded altars: false
     0 | D:1      | 0 ||| qw: Do Orc after D:15 true
     0 | D:1      | 0 ||| qw: Do second Lair branch before Depths: true
     0 | D:1      | 0 ||| qw: Lair rune preference: random
     0 | D:1      | 0 ||| qw: Plans: Normal, Zot:1-4, Slime:5, God:TSO, Crypt,
                  | Tomb, Abyss, Pan, Hells, Win
     0 | D:1      | 0 ||| PLANNING D:1-11
   355 | D:1      | Found a faded altar of an unknown god.
   374 | D:1      | 374 ||| DROPPING +0 whip.
   477 | D:1      | 477 ||| Stepping ~*~*~tactically~*~*~ (hiding).
   496 | D:1      | Reached XP level 2. HP: 18/19 MP: 2/2
   852 | D:1      | 852 ||| READING scroll labelled KUERAST PIREEN.
   857 | D:1      | 857 ||| READING 2 scrolls labelled YPIULU ACIFFUN.
   858 | D:1      | 858 ||| READING scroll labelled ETZUERPH AGIEPO.
   859 | D:1      | 859 ||| READING scroll labelled COTAGI RAUSHRY.
   889 | D:2      | 889 ||| STAIRDANCE
   894 | D:1      | Reached skill level 3 in Axes
   946 | D:2      | Reached XP level 3. HP: 23/23 MP: 3/3
   978 | D:2      | 978 ||| Stepping ~*~*~tactically~*~*~ (hiding).
   982 | D:2      | 982 ||| Stepping ~*~*~tactically~*~*~ (hiding).
   984 | D:2      | 984 ||| Stepping ~*~*~tactically~*~*~ (hiding).
  1266 | D:2      | Reached XP level 4. HP: 25/28 MP: 4/4
  1508 | D:2      | Found a glowing silver altar of Zin.
  1918 | D:2      | 1918 ||| DROPPING +0 mace.
  1926 | D:2      | 1926 ||| Stepping ~*~*~tactically~*~*~ (stealth).
  1940 | D:2      | 1940 ||| UPGRADING to +0 plate armour.
  1950 | D:2      | 1950 ||| DROPPING +0 scale mail.
  1951 | D:2      | 1951 ||| UPGRADING to +4 ring of slaying {mikee}.
  1952 | D:2      | 1952 ||| READING scroll labelled JYPSUEVULA.
  1953 | D:2      | 1953 ||| DRINKING 4 blue potions.
  2061 | D:3      | Noticed Terence
  2073 | D:3      | Killed Terence
  2138 | D:3      | Found a shadowy altar of Dithmenos.
  2228 | D:3      | 2228 ||| Stepping ~*~*~tactically~*~*~ (hiding).
  2631 | D:3      | Reached XP level 5. HP: 32/32 MP: 5/5
  2666 | D:3      | 2666 ||| DRINKING 2 pink potions.
  2666 | D:3      | Gained mutation: You are robust. (+10% HP) [potion of
                  | mutation]
  2666 | D:3      | Gained mutation: You have hidden genetic potential. [potion
                  | of mutation]
  2954 | D:4      | Noticed Eustachio
  2955 | D:4      | Noticed a phantom
  2956 | D:4      | Noticed Dowan
  2958 | D:4      | Noticed Duvessa
  2968 | D:4      | Killed a phantom
  2969 | D:4      | Reached skill level 4 in Fighting
  2969 | D:4      | Reached XP level 6. HP: 39/42 MP: 6/6
  2982 | D:4      | Killed Duvessa
  2984 | D:4      | Gained mutation: Your natural rate of healing is unusually
                  | fast. [hidden potential]
  2995 | D:4      | Killed Eustachio
  2996 | D:4      | Reached skill level 6 in Axes
  2996 | D:4      | Reached XP level 7. HP: 17/48 MP: 7/7
  3006 | D:4      | Killed Dowan
  3140 | D:4      | Gained mutation: You are very robust. (+20% HP) [hidden
                  | potential]
  3140 | D:4      | Lost mutation: You have hidden genetic potential. [hidden
                  | potential expressed]
  3201 | D:4      | 3201 ||| Stepping ~*~*~tactically~*~*~ (stealth).
  3202 | D:4      | 3202 ||| Stepping ~*~*~tactically~*~*~ (stealth).
  3254 | D:4      | 3254 ||| Stepping ~*~*~tactically~*~*~ (stealth).
  3491 | D:4      | 3491 ||| Stepping ~*~*~tactically~*~*~ (hiding).
  3699 | D:4      | 3699 ||| DROPPING ring of magical power.
  3700 | D:4      | 3700 ||| READING scroll labelled PIPNEDOLLUU.
  3701 | D:4      | 3701 ||| READING scroll labelled JIROPT YDAN.
  3702 | D:4      | 3702 ||| READING 3 scrolls of identify.
  3702 | D:4      | 3702 ||| IDENTIFYING yellow potion
  3703 | D:4      | 3703 ||| READING 2 scrolls of identify.
  3703 | D:4      | 3703 ||| IDENTIFYING sedimented inky potion
  3730 | D:5      | Entered Level 5 of the Dungeon
  3856 | D:5      | Reached skill level 5 in Fighting
  4020 | D:5      | Reached skill level 1 in Dodging
  4088 | D:5      | Found a staircase to the Ecumenical Temple.
  4089 | D:5      | 4089 ||| PLANNING TEMPLE
  4089 | D:5      | 4089 ||| READING scroll labelled TUIXIE ZURASE.
  4094 | D:5      | 4094 ||| Stepping ~*~*~tactically~*~*~ (hiding).
  4096 | D:5      | 4096 ||| Stepping ~*~*~tactically~*~*~ (stealth).
  4097 | D:5      | 4097 ||| Stepping ~*~*~tactically~*~*~ (hiding).
  4110 | D:5      | Reached XP level 8. HP: 44/58 MP: 8/8
  4128 | Temple   | Entered the Ecumenical Temple
  4272 | Temple   | 4272 ||| PLANNING OKAWARU WORSHIP
  4474 | Temple   | Became a worshipper of Warmaster Okawaru
  4475 | Temple   | 4475 ||| PLANNING D:1-11
  4868 | D:6      | 4868 ||| Stepping ~*~*~tactically~*~*~ (hiding).
  4916 | D:6      | Found the +5 woodcutter's axe
  4945 | D:6      | Reached * piety under Okawaru
  4946 | D:6      | Reached skill level 6 in Fighting
  5100 | D:6      | 5100 ||| Stepping ~*~*~tactically~*~*~ (stealth).
  5110 | D:6      | Reached skill level 1 in Invocations
  5119 | D:6      | Noticed Prince Ribbit
  5120 | D:6      | 5120 ||| INVOKING Heroism.
  5130 | D:6      | Killed Prince Ribbit
  5266 | D:6      | Reached XP level 9. HP: 66/66 MP: 10/10
  5286 | D:6      | Noticed qw's ghost (novice GrFi)
  5288 | D:6      | Found a transporter.
  5330 | D:6      | 5330 ||| INVOKING Heroism.
  5338 | D:6      | Reached skill level 9 in Axes
  5407 | D:6      | Noticed Blork the orc
  5408 | D:6      | 5408 ||| INVOKING Heroism.
  5416 | D:6      | Killed Blork the orc
  5451 | D:6      | Reached skill level 3 in Invocations
  5548 | D:6      | Found a transporter.
  5618 | D:6      | 5618 ||| Stepping ~*~*~tactically~*~*~ (stealth).
  5624 | D:6      | 5624 ||| Stepping ~*~*~tactically~*~*~ (stealth).
  5625 | D:6      | 5625 ||| Stepping ~*~*~tactically~*~*~ (stealth).
  5759 | D:6      | 5759 ||| UPGRADING to +0 kite shield.
  5769 | D:6      | 5769 ||| DROPPING +0 buckler.
  5978 | D:7      | Reached ** piety under Okawaru
  6007 | D:7      | 6007 ||| INVOKING Heroism.
  6016 | D:7      | Reached skill level 6 in Shields
  6016 | D:7      | 6016 ||| Stepping ~*~*~tactically~*~*~ (cloud).
  6116 | D:7      | 6116 ||| Stepping ~*~*~tactically~*~*~ (stealth).
  6117 | D:7      | 6117 ||| Stepping ~*~*~tactically~*~*~ (stealth).
  6118 | D:7      | 6118 ||| Stepping ~*~*~tactically~*~*~ (stealth).
  6119 | D:7      | 6119 ||| Stepping ~*~*~tactically~*~*~ (stealth).
  6165 | D:7      | Reached skill level 1 in Throwing
  6206 | D:7      | 6206 ||| INVOKING Heroism.
  6369 | D:7      | 6369 ||| UPGRADING to +0 pair of gloves.
  6374 | D:7      | 6374 ||| READING scroll labelled CUNTAH ZOJYER.
  6375 | D:7      | 6375 ||| READING scroll labelled SOACOCIZIFI.
  6376 | D:7      | 6376 ||| READING 2 scrolls of identify.
  6376 | D:7      | 6376 ||| IDENTIFYING smoky dark potion
  6377 | D:7      | 6377 ||| DROPPING potion of ambrosia.
  6412 | D:8      | 6412 ||| Stepping ~*~*~tactically~*~*~ (hiding).
  6413 | D:8      | 6413 ||| Stepping ~*~*~tactically~*~*~ (hiding).
  6551 | D:8      | 6551 ||| READING scroll of enchant armour.
  6551 | D:8      | 6551 ||| ENCHANTING +0 pair of gloves.
  6565 | D:8      | 6565 ||| INVOKING Heroism.
  6578 | D:8      | Reached XP level 10. HP: 72/72 MP: 11/13
  6745 | D:8      | 6745 ||| READING scroll of enchant armour.
  6745 | D:8      | 6745 ||| ENCHANTING +1 pair of gloves.
  6801 | D:8      | Reached skill level 7 in Fighting
  6842 | D:8      | 6842 ||| INVOKING Heroism.
  6846 | D:8      | Reached skill level 9 in Shields
  6858 | D:8      | Reached skill level 6 in Armour
  6860 | D:8      | Reached *** piety under Okawaru
  6890 | D:8      | Identified the +1 helmet of Midnight {rF+ Regen+}
  6998 | D:8      | 6998 ||| Stepping ~*~*~tactically~*~*~ (hiding).
  6999 | D:8      | 6999 ||| Stepping ~*~*~tactically~*~*~ (hiding).
  7003 | D:8      | 7003 ||| Stepping ~*~*~tactically~*~*~ (hiding).
  7207 | D:8      | 7207 ||| UPGRADING to +1 helmet of Midnight {rF+ Regen+}.
  7212 | D:8      | 7212 ||| READING 3 scrolls of identify.
  7212 | D:8      | 7212 ||| IDENTIFYING green potion
  7213 | D:8      | 7213 ||| READING 2 scrolls of identify.
  7213 | D:8      | 7213 ||| IDENTIFYING golden potion
  7292 | D:9      | 7292 ||| Stepping ~*~*~tactically~*~*~ (hiding).
  7300 | D:9      | 7300 ||| DRINKING 7 potions of curing.
  7300 | D:9      | 7300 ||| (to cure confusion)
  7333 | D:9      | 7333 ||| INVOKING Heroism.
  7523 | D:9      | 7523 ||| Stepping ~*~*~tactically~*~*~ (hiding).
  7528 | D:9      | 7528 ||| DRINKING 6 potions of curing.
  7528 | D:9      | 7528 ||| (to cure confusion)
  7632 | D:9      | 7632 ||| Stepping ~*~*~tactically~*~*~ (hiding).
  7633 | D:9      | 7633 ||| Stepping ~*~*~tactically~*~*~ (hiding).
  7800 | D:9      | Found a blossoming altar of Fedhas.
  7801 | D:9      | 7801 ||| Stepping ~*~*~tactically~*~*~ (stealth).
  7816 | D:9      | Reached **** piety under Okawaru
  7817 | D:9      | Reached skill level 8 in Fighting
  7819 | D:9      | Reached XP level 11. HP: 77/81 MP: 14/14
  7895 | D:9      | 7895 ||| READING scroll labelled RIG ERAOLEA.
  7896 | D:9      | 7896 ||| READING 2 scrolls of identify.
  7896 | D:9      | 7896 ||| IDENTIFYING grey potion
  7897 | D:9      | 7897 ||| DROPPING potion of degeneration.
  7936 | D:10     | Entered Level 10 of the Dungeon
  7949 | D:10     | 7949 ||| Stepping ~*~*~tactically~*~*~ (hiding).
  7950 | D:10     | 7950 ||| Stepping ~*~*~tactically~*~*~ (hiding).
  7952 | D:10     | 7952 ||| INVOKING Heroism.
  7963 | D:10     | Reached skill level 3 in Throwing
  8022 | D:10     | 8022 ||| INVOKING Heroism.
  8077 | D:10     | 8077 ||| Stepping ~*~*~tactically~*~*~ (stealth).
  8086 | D:10     | Received a gift from Okawaru
  8159 | D:10     | 8159 ||| Stepping ~*~*~tactically~*~*~ (stealth).
  8163 | D:10     | 8163 ||| INVOKING Heroism.
  8165 | D:10     | Noticed a two-headed ogre
  8180 | D:10     | Killed a two-headed ogre
  8213 | D:10     | 8213 ||| Stepping ~*~*~tactically~*~*~ (stealth).
  8228 | D:10     | 8228 ||| Stepping ~*~*~tactically~*~*~ (hiding).
  8276 | D:10     | 8276 ||| INVOKING Heroism.
  8430 | D:10     | 8430 ||| Stepping ~*~*~tactically~*~*~ (stealth).
  8431 | D:10     | 8431 ||| Stepping ~*~*~tactically~*~*~ (stealth).
  8436 | D:10     | 8436 ||| Stepping ~*~*~tactically~*~*~ (stealth).
  8471 | D:10     | 8471 ||| READING 2 scrolls labelled WOUMMU ROKENK.
  8472 | D:10     | 8472 ||| READING 3 scrolls of identify.
  8472 | D:10     | 8472 ||| IDENTIFYING sedimented coppery potion
  8473 | D:10     | 8473 ||| READING 2 scrolls of identify.
  8473 | D:10     | 8473 ||| IDENTIFYING amethyst potion
  8474 | D:10     | 8474 ||| DROPPING scroll of noise.
  8475 | D:10     | 8475 ||| DROPPING potion of invisibility.
  8535 | D:11     | Found a staircase to the Lair.
  8607 | D:11     | Noticed a two-headed ogre
  8608 | D:11     | 8608 ||| INVOKING Heroism.
  8617 | D:11     | Killed a two-headed ogre
  8670 | D:11     | Noticed a boulder beetle
  8671 | D:11     | 8671 ||| INVOKING Heroism.
  8677 | D:11     | Killed a boulder beetle
  8678 | D:11     | Reached skill level 6 in Invocations
  8774 | D:11     | 8774 ||| Stepping ~*~*~tactically~*~*~ (stealth).
  8780 | D:11     | Noticed a two-headed ogre
  8781 | D:11     | 8781 ||| INVOKING Heroism.
  8798 | D:11     | Killed a two-headed ogre
  8832 | D:11     | 8832 ||| Stepping ~*~*~tactically~*~*~ (stealth).
  8833 | D:11     | 8833 ||| Stepping ~*~*~tactically~*~*~ (stealth).
  8834 | D:11     | 8834 ||| Stepping ~*~*~tactically~*~*~ (stealth).
  8835 | D:11     | 8835 ||| Stepping ~*~*~tactically~*~*~ (stealth).
  8854 | D:11     | Found a staircase to the Orcish Mines.
  8857 | D:11     | 8857 ||| Stepping ~*~*~tactically~*~*~ (stealth).
  8860 | D:11     | 8860 ||| Stepping ~*~*~tactically~*~*~ (stealth).
  8861 | D:11     | 8861 ||| Stepping ~*~*~tactically~*~*~ (stealth).
  8862 | D:11     | 8862 ||| Stepping ~*~*~tactically~*~*~ (stealth).
  8875 | D:11     | 8875 ||| Stepping ~*~*~tactically~*~*~ (stealth).
  8876 | D:11     | 8876 ||| FLEEEEING.
  8877 | D:11     | 8877 ||| FLEEEEING.
  8878 | D:11     | 8878 ||| Stepping ~*~*~tactically~*~*~ (hiding).
  8880 | D:11     | 8880 ||| Stepping ~*~*~tactically~*~*~ (stealth).
  8934 | D:11     | Noticed a centaur warrior
  8935 | D:11     | 8935 ||| Stepping ~*~*~tactically~*~*~ (hiding).
  8937 | D:11     | 8937 ||| Stepping ~*~*~tactically~*~*~ (hiding).
  8948 | D:11     | Killed a centaur warrior
  8949 | D:11     | Reached XP level 12. HP: 90/90 MP: 16/18
  9151 | D:11     | 9151 ||| Stepping ~*~*~tactically~*~*~ (hiding).
  9152 | D:11     | 9152 ||| Stepping ~*~*~tactically~*~*~ (hiding).
  9160 | D:11     | 9160 ||| Stepping ~*~*~tactically~*~*~ (hiding).
  9331 | D:11     | 9331 ||| PLANNING LAIR
  9374 | Lair:1   | Entered Level 1 of the Lair of Beasts
  9375 | Lair:1   | 9375 ||| PLANNING GAUNTLET
  9398 | Lair:1   | 9398 ||| Stepping ~*~*~tactically~*~*~ (stealth).
  9406 | Lair:1   | Noticed Grum
  9407 | Lair:1   | 9407 ||| INVOKING Heroism.
  9414 | Lair:1   | Reached skill level 9 in Fighting
  9420 | Lair:1   | Reached ***** piety under Okawaru
  9421 | Lair:1   | 9421 ||| INVOKING Finesse.
  9432 | Lair:1   | Killed Grum
  9442 | Lair:1   | 9442 ||| Stepping ~*~*~tactically~*~*~ (stealth).
  9445 | Lair:1   | 9445 ||| Stepping ~*~*~tactically~*~*~ (stealth).
  9446 | Lair:1   | 9446 ||| Stepping ~*~*~tactically~*~*~ (stealth).
  9447 | Lair:1   | 9447 ||| Stepping ~*~*~tactically~*~*~ (stealth).
  9451 | Lair:1   | 9451 ||| Stepping ~*~*~tactically~*~*~ (stealth).
  9454 | Lair:1   | 9454 ||| Stepping ~*~*~tactically~*~*~ (stealth).
  9455 | Lair:1   | 9455 ||| Stepping ~*~*~tactically~*~*~ (stealth).
  9549 | Lair:1   | Found a gate leading to a gauntlet.
  9558 | Gauntlet | Entered a Gauntlet
  9558 | Gauntlet | Found a transporter.
  9570 | Gauntlet | Found a transporter.
  9571 | Gauntlet | Found a transporter.
  9571 | Gauntlet | Found a transporter.
  9582 | Gauntlet | Found a transporter.
  9582 | Gauntlet | Found a transporter.
  9583 | Gauntlet | Found a transporter.
  9593 | Gauntlet | Found a transporter.
  9595 | Gauntlet | Found a transporter.
  9596 | Gauntlet | Found a transporter.
  9596 | Gauntlet | Noticed a minotaur
  9608 | Gauntlet | Found a transporter.
  9609 | Gauntlet | Found a transporter.
  9614 | Gauntlet | Noticed a balrug
  9622 | Gauntlet | Found a transporter.
  9641 | Gauntlet | Found a transporter.
  9678 | Gauntlet | Found a runed translucent door.
  9712 | Gauntlet | 9712 ||| INVOKING Heroism.
  9764 | Gauntlet | 9764 ||| UPGRADING to +0 pair of boots.
  9788 | Gauntlet | 9788 ||| Stepping ~*~*~tactically~*~*~ (hiding).
  9790 | Gauntlet | 9790 ||| Stepping ~*~*~tactically~*~*~ (hiding).
  9792 | Gauntlet | 9792 ||| INVOKING Heroism.
  9812 | Gauntlet | Killed a minotaur
  9813 | Gauntlet | Reached skill level 9 in Invocations
  9843 | Gauntlet | Found the +10 dark maul {heavy}
  9848 | Gauntlet | Identified the staff of poison "Suah" {Fragile Fly rPois
                  | rN+++ Int+3}
  9850 | Gauntlet | 9850 ||| DROPPING +0 morningstar.
  9851 | Gauntlet | 9851 ||| UPGRADING to +3 war axe of flaming.
  9852 | Gauntlet | 9852 ||| DROPPING +1 war axe.
  9915 | Gauntlet | 9915 ||| READING scroll labelled ETYESO NILE.
 10028 | Lair:1   | 10028 ||| PLANNING LAIR
 10121 | Lair:1   | 10121 ||| Stepping ~*~*~tactically~*~*~ (stealth).
 10235 | Lair:1   | 10235 ||| INVOKING Heroism.
 10236 | Lair:1   | 10236 ||| INVOKING Finesse.
 10239 | Lair:1   | Paralysed by a floating eye for 3 turns
 10253 | Lair:1   | 10253 ||| DRINKING potion of cancellation.
 10590 | Lair:1   | Found a runed translucent door.
 10593 | Lair:1   | Noticed qw's ghost (novice GrFi)
 10825 | Lair:1   | 10825 ||| DRINKING 2 sapphire potions.
 10826 | Lair:1   | 10826 ||| DROPPING potion of brilliance.
 10898 | Lair:2   | Received a gift from Okawaru
 10956 | Lair:2   | 10956 ||| INVOKING Heroism.
 10997 | Lair:2   | Reached skill level 12 in Axes
 11023 | Lair:2   | 11023 ||| INVOKING Heroism.
 11080 | Lair:2   | 11080 ||| Stepping ~*~*~tactically~*~*~ (stealth).
 11103 | Lair:2   | 11103 ||| INVOKING Heroism.
 11304 | Lair:2   | 11304 ||| INVOKING Heroism.
 11526 | Lair:2   | 11526 ||| Stepping ~*~*~tactically~*~*~ (stealth).
 11527 | Lair:2   | 11527 ||| Stepping ~*~*~tactically~*~*~ (stealth).
 11638 | Lair:2   | 11638 ||| UPGRADING to +4 ring of protection.
 11678 | Lair:3   | Reached skill level 9 in Armour
 11679 | Lair:3   | Received a gift from Okawaru
 11687 | Lair:3   | Reached XP level 13. HP: 72/96 MP: 20/20
 11690 | Lair:3   | 11690 ||| INVOKING Heroism.
 11703 | Lair:3   | 11703 ||| UPGRADING to +4 heavy broad axe.
 11710 | Lair:3   | 11710 ||| Stepping ~*~*~tactically~*~*~ (stealth).
 11714 | Lair:3   | 11714 ||| Stepping ~*~*~tactically~*~*~ (stealth).
 11757 | Lair:3   | 11757 ||| Stepping ~*~*~tactically~*~*~ (stealth).
 11760 | Lair:3   | 11760 ||| INVOKING Heroism.
 11761 | Lair:3   | 11761 ||| INVOKING Finesse.
 11768 | Lair:3   | 11768 ||| SWAPPING to +3 war axe of flaming.
 11774 | Lair:3   | Reached skill level 10 in Fighting
 11777 | Lair:3   | 11777 ||| UPGRADING to +4 heavy broad axe.
 11857 | Lair:3   | 11857 ||| INVOKING Heroism.
 11918 | Lair:3   | Found a staircase to the Snake Pit.
 11966 | Lair:3   | 11966 ||| Stepping ~*~*~tactically~*~*~ (stealth).
 11967 | Lair:3   | 11967 ||| Stepping ~*~*~tactically~*~*~ (stealth).
 11968 | Lair:3   | 11968 ||| Stepping ~*~*~tactically~*~*~ (stealth).
 11972 | Lair:3   | 11972 ||| INVOKING Heroism.
 12085 | Lair:3   | 12085 ||| INVOKING Heroism.
 12120 | Lair:3   | Found a staircase to the Shoals.
 12276 | Lair:3   | 12276 ||| READING scroll of enchant armour.
 12276 | Lair:3   | 12276 ||| ENCHANTING +0 pair of boots.
 12288 | Lair:3   | 12288 ||| UPGRADING to scarf of resistance.
 12293 | Lair:3   | 12293 ||| READING 2 scrolls labelled RASYKH HUIPLYNIA.
 12294 | Lair:3   | 12294 ||| READING scroll labelled SYRINNAROA.
 12305 | Lair:3   | 12305 ||| READING 4 scrolls of identify.
 12305 | Lair:3   | 12305 ||| IDENTIFYING fizzy puce potion
 12306 | Lair:3   | 12306 ||| DROPPING scroll of revelation.
 12392 | Lair:4   | 12392 ||| Stepping ~*~*~tactically~*~*~ (stealth).
 12395 | Lair:4   | Noticed Rupert
 12395 | Lair:4   | 12395 ||| INVOKING Heroism.
 12397 | Lair:4   | 12397 ||| Stepping ~*~*~tactically~*~*~ (stealth).
 12408 | Lair:4   | HP: 24/98 [dream sheep (1)]
 12409 | Lair:4   | 12409 ||| READING 3 scrolls of teleportation.
 12410 | Lair:4   | HP: 10/98 [Rupert/+2 battleaxe of electrocution (19)]
 12411 | Lair:4   | 12411 ||| DRINKING 6 potions of heal wounds.
 12418 | Lair:4   | Received a gift from Okawaru
 12445 | Lair:4   | Found a staircase to the Slime Pits.
 12481 | Lair:4   | 12481 ||| Stepping ~*~*~tactically~*~*~ (stealth).
 12484 | Lair:4   | Found a frozen archway.
 12485 | Lair:4   | 12485 ||| Stepping ~*~*~tactically~*~*~ (hiding).
 12543 | Lair:4   | 12543 ||| INVOKING Heroism.
 12744 | Lair:4   | 12744 ||| Stepping ~*~*~tactically~*~*~ (stealth).
 12748 | Lair:4   | 12748 ||| Stepping ~*~*~tactically~*~*~ (stealth).
 12750 | Lair:4   | 12750 ||| Stepping ~*~*~tactically~*~*~ (stealth).
 12752 | Lair:4   | 12752 ||| Stepping ~*~*~tactically~*~*~ (hiding).
 12854 | Lair:4   | Identified the +0 pair of gloves "Luax" {rN+}
 12857 | Lair:4   | Received a gift from Okawaru
 12951 | Lair:4   | 12951 ||| INVOKING Heroism.
 12952 | Lair:4   | 12952 ||| INVOKING Finesse.
 12959 | Lair:4   | 12959 ||| DRINKING 8 potions of curing.
 12959 | Lair:4   | 12959 ||| (to cure confusion)
 12961 | Lair:4   | Killed Rupert
 13128 | Lair:4   | 13128 ||| DROPPING +0 pair of gloves "Luax" {rN+}.
 13129 | Lair:4   | 13129 ||| UPGRADING to amulet of the acrobat.
 13144 | Lair:5   | Entered Level 5 of the Lair of Beasts
 13160 | Lair:5   | Received a gift from Okawaru
 13259 | Lair:5   | Gained mutation: Your large and strong wings let you fly.
                  | [Gargoyle growth]
 13259 | Lair:5   | Reached XP level 14. HP: 105/105 MP: 21/21
 13358 | Lair:5   | Found a stormy altar of Qazlal.
 13391 | Lair:5   | 13391 ||| INVOKING Heroism.
 13392 | Lair:5   | 13392 ||| INVOKING Finesse.
 13394 | Lair:5   | 13394 ||| SWAPPING to +3 war axe of flaming.
 13402 | Lair:5   | 13402 ||| UPGRADING to +4 heavy broad axe.
 13637 | Lair:5   | 13637 ||| INVOKING Heroism.
 13639 | Lair:5   | Received a gift from Okawaru
 13683 | Lair:5   | 13683 ||| Stepping ~*~*~tactically~*~*~ (hiding).
 13684 | Lair:5   | 13684 ||| Stepping ~*~*~tactically~*~*~ (hiding).
 13717 | Lair:5   | 13717 ||| INVOKING Heroism.
 13718 | Lair:5   | 13718 ||| INVOKING Finesse.
 13721 | Lair:5   | 13721 ||| SWAPPING to +3 war axe of flaming.
 13725 | Lair:5   | Received a gift from Okawaru
 13739 | Lair:5   | 13739 ||| UPGRADING to +4 heavy broad axe.
 13793 | Lair:5   | 13793 ||| INVOKING Heroism.
 13796 | Lair:5   | 13796 ||| INVOKING Finesse.
 13799 | Lair:5   | Reached skill level 11 in Fighting
 13802 | Lair:5   | 13802 ||| SWAPPING to +3 war axe of flaming.
 13813 | Lair:5   | Identified the +7 lajatang "Qaifu" {heavy, Int+3} (Okawaru
                  | gifted it to you on level 5 of the Lair of Beasts)
 13813 | Lair:5   | Received a gift from Okawaru
 13822 | Lair:5   | 13822 ||| Stepping ~*~*~tactically~*~*~ (hiding).
 13822 | Lair:5   | Found a large runed translucent door.
 13822 | Lair:5   | Found a large runed translucent door.
 13823 | Lair:5   | 13823 ||| Stepping ~*~*~tactically~*~*~ (hiding).
 13837 | Lair:5   | 13837 ||| UPGRADING to +4 heavy broad axe.
 13876 | Lair:5   | 13876 ||| Stepping ~*~*~tactically~*~*~ (hiding).
 14110 | Lair:5   | 14110 ||| INVOKING Heroism.
 14111 | Lair:5   | 14111 ||| INVOKING Finesse.
 14118 | Lair:5   | 14118 ||| SWAPPING to +3 war axe of flaming.
 14124 | Lair:5   | Reached skill level 12 in Shields
 14134 | Lair:5   | 14134 ||| UPGRADING to +4 heavy broad axe.
 14137 | Lair:5   | 14137 ||| INVOKING Heroism.
 14282 | Lair:5   | 14282 ||| UPGRADING to amulet of regeneration.
 14292 | Lair:5   | 14292 ||| PLANNING D
 14292 | Lair:5   | 14292 ||| DROPPING amulet of the acrobat.
 14477 | D:12     | Identified the +3 longbow "Xacweics" {heavy, rC+ rCorr
                  | Stlth+}
 14516 | D:12     | 14516 ||| Stepping ~*~*~tactically~*~*~ (stealth).
 14518 | D:12     | 14518 ||| Stepping ~*~*~tactically~*~*~ (hiding).
 14905 | D:12     | 14905 ||| Stepping ~*~*~tactically~*~*~ (stealth).
 14908 | D:12     | 14908 ||| INVOKING Heroism.
 15071 | D:12     | 15071 ||| UPGRADING to amulet of reflection.
 15081 | D:12     | 15081 ||| DROPPING amulet of regeneration.
 15082 | D:12     | 15082 ||| READING 3 scrolls of identify.
 15082 | D:12     | 15082 ||| IDENTIFYING murky emerald potion
 15187 | D:13     | 15187 ||| INVOKING Heroism.
 15254 | D:13     | 15254 ||| Stepping ~*~*~tactically~*~*~ (hiding).
 15259 | D:13     | 15259 ||| Stepping ~*~*~tactically~*~*~ (stealth).
 15260 | D:13     | 15260 ||| Stepping ~*~*~tactically~*~*~ (stealth).
 15261 | D:13     | 15261 ||| Stepping ~*~*~tactically~*~*~ (stealth).
 15271 | D:13     | 15271 ||| Stepping ~*~*~tactically~*~*~ (stealth).
 15279 | D:13     | 15279 ||| Stepping ~*~*~tactically~*~*~ (hiding).
 15280 | D:13     | 15280 ||| Stepping ~*~*~tactically~*~*~ (hiding).
 15286 | D:13     | 15286 ||| Stepping ~*~*~tactically~*~*~ (hiding).
 15333 | D:13     | 15333 ||| Stepping ~*~*~tactically~*~*~ (stealth).
 15352 | D:13     | Reached skill level 15 in Axes
 15354 | D:13     | 15354 ||| INVOKING Heroism.
 15363 | D:13     | HP: 27/108 [death knight/+0 glaive (11)]
 15364 | D:13     | 15364 ||| READING 2 scrolls of teleportation.
 15365 | D:13     | HP: 2/108 [mirror damage (27)]
 15369 | D:13     | 15369 ||| READING scroll of teleportation.
 15370 | D:13     | 15370 ||| DRINKING 5 potions of heal wounds.
 15395 | D:13     | Received a gift from Okawaru
 15637 | D:13     | 15637 ||| INVOKING Heroism.
 15640 | D:13     | 15640 ||| SWAPPING to +3 war axe of flaming.
 15643 | D:13     | 15643 ||| UPGRADING to +4 heavy broad axe.
 15669 | D:13     | 15669 ||| INVOKING Finesse.
 15674 | D:13     | Reached skill level 6 in Throwing
 15727 | D:13     | 15727 ||| Stepping ~*~*~tactically~*~*~ (stealth).
 15729 | D:13     | 15729 ||| Stepping ~*~*~tactically~*~*~ (stealth).
 15730 | D:13     | 15730 ||| Stepping ~*~*~tactically~*~*~ (stealth).
 15770 | D:13     | 15770 ||| INVOKING Heroism.
 15771 | D:13     | 15771 ||| INVOKING Finesse.
 15773 | D:13     | 15773 ||| SWAPPING to +3 war axe of flaming.
 15775 | D:13     | Reached XP level 15. HP: 112/112 MP: 14/22
 15775 | D:13     | 15775 ||| UPGRADING to +4 heavy broad axe.
 15955 | D:13     | 15955 ||| UPGRADING to +5 ring of evasion.
 15957 | D:13     | 15957 ||| DROPPING +4 ring of slaying {mikee}.
 16019 | D:14     | 16019 ||| Stepping ~*~*~tactically~*~*~ (hiding).
 16020 | D:14     | 16020 ||| Stepping ~*~*~tactically~*~*~ (hiding).
 16175 | D:14     | Received a gift from Okawaru
 16176 | D:14     | Reached skill level 12 in Fighting
 16335 | D:14     | Found a portal to a secret trove of treasure.
 16468 | D:14     | 16468 ||| Stepping ~*~*~tactically~*~*~ (stealth).
 16469 | D:14     | 16469 ||| INVOKING Heroism.
 16650 | D:14     | Found a gate to the Vaults.
 16820 | D:14     | 16820 ||| INVOKING Heroism.
 16825 | D:14     | 16825 ||| SWAPPING to +3 war axe of flaming.
 16833 | D:14     | Received a gift from Okawaru
 16834 | D:14     | 16834 ||| UPGRADING to +4 heavy broad axe.
 16844 | D:14     | 16844 ||| READING scroll labelled WIGISE GAALU PYE.
 16890 | D:15     | Entered Level 15 of the Dungeon
 16891 | D:15     | 16891 ||| INVOKING Heroism.
 16896 | D:15     | 16896 ||| SWAPPING to +3 war axe of flaming.
 16911 | D:15     | 16911 ||| UPGRADING to +4 broad axe of chaos.
 16915 | D:15     | 16915 ||| READING scroll of enchant armour.
 16915 | D:15     | 16915 ||| ENCHANTING +1 pair of boots.
 16931 | D:15     | Found Gaurre Zawn's Antique Armour Emporium.
 16939 | D:15     | 16939 ||| BUYING glowing chain mail (195 gold).
 16939 | D:15     | Bought a glowing chain mail for 195 gold pieces
 16939 | D:15     | 16939 ||| BUYING shiny plate armour (676 gold).
 16939 | D:15     | Bought a shiny plate armour for 676 gold pieces
 16939 | D:15     | 16939 ||| BUYING tower shield (117 gold).
 16939 | D:15     | Bought a tower shield for 117 gold pieces
 17016 | D:15     | 17016 ||| INVOKING Heroism.
 17038 | D:15     | Found an iron altar of Okawaru.
 17075 | D:15     | 17075 ||| Stepping ~*~*~tactically~*~*~ (stealth).
 17077 | D:15     | 17077 ||| Stepping ~*~*~tactically~*~*~ (stealth).
 17090 | D:15     | 17090 ||| INVOKING Heroism.
 17160 | D:15     | 17160 ||| FLEEEEING.
 17161 | D:15     | 17161 ||| FLEEEEING.
 17162 | D:15     | 17162 ||| FLEEEEING.
 17163 | D:15     | 17163 ||| FLEEEEING.
 17164 | D:15     | 17164 ||| FLEEEEING.
 17237 | D:15     | Found a staircase to the Depths.
 17242 | D:15     | 17242 ||| INVOKING Heroism.
 17254 | D:15     | Reached skill level 3 in Dodging
 17266 | D:15     | Found Qeclum's Assorted Antiques.
 17342 | D:15     | 17342 ||| Stepping ~*~*~tactically~*~*~ (stealth).
 17344 | D:15     | 17344 ||| Stepping ~*~*~tactically~*~*~ (hiding).
 17345 | D:15     | 17345 ||| Stepping ~*~*~tactically~*~*~ (hiding).
 17460 | D:15     | 17460 ||| BUYING potion of curing (75 gold).
 17460 | D:15     | Bought a potion of curing for 75 gold pieces
 17503 | D:15     | Found Peynen's Assorted Antiques.
 17511 | D:15     | 17511 ||| BUYING potion of attraction (114 gold).
 17511 | D:15     | Bought a potion of attraction for 114 gold pieces
 17511 | D:15     | 17511 ||| BUYING potion of curing (114 gold).
 17511 | D:15     | Bought a potion of curing for 114 gold pieces
 17511 | D:15     | 17511 ||| BUYING scroll of identify (76 gold).
 17511 | D:15     | Bought a scroll of identify for 76 gold pieces
 17511 | D:15     | 17511 ||| BUYING scroll of identify (76 gold).
 17511 | D:15     | Bought a scroll of identify for 76 gold pieces
 17511 | D:15     | 17511 ||| SHOPLISTING wooden ring (190 gold, have 84).
 17587 | D:15     | 17587 ||| Stepping ~*~*~tactically~*~*~ (hiding).
 17598 | D:15     | Received a gift from Okawaru
 17703 | D:15     | Found Ytuto's Weapon Shoppe.
 17718 | D:15     | 17718 ||| SHOPLISTING +2 broad axe of electrocution (308
                  | gold, have 84).
 17738 | D:15     | Found Tiuhech's Armour Shop.
 17832 | D:15     | 17832 ||| BUYING +0 cloak (45 gold).
 17832 | D:15     | Bought a +0 cloak for 45 gold pieces
 17832 | D:15     | 17832 ||| SHOPLISTING +2 chain mail of fire resistance (215
                  | gold, have 39).
 17832 | D:15     | 17832 ||| SHOPLISTING +2 helmet of see invisible (215 gold,
                  | have 39).
 17948 | D:15     | 17948 ||| PLANNING ORC
 17948 | D:15     | 17948 ||| DROPPING +0 chain mail of positive energy.
 17949 | D:15     | 17949 ||| DROPPING +4 scale mail of cold resistance.
 17950 | D:15     | 17950 ||| UPGRADING to +3 plate armour of poison
                  | resistance.
 17960 | D:15     | 17960 ||| DROPPING +0 plate armour.
 17961 | D:15     | 17961 ||| UPGRADING to +0 tower shield.
 17971 | D:15     | 17971 ||| DROPPING +0 kite shield.
 18064 | Orc:1    | Entered Level 1 of the Orcish Mines
 18068 | Orc:1    | 18068 ||| INVOKING Heroism.
 18162 | Orc:1    | 18162 ||| Stepping ~*~*~tactically~*~*~ (hiding).
 18169 | Orc:1    | 18169 ||| INVOKING Heroism.
 18190 | Orc:1    | Found Unubyph's General Store.
 18198 | Orc:1    | Noticed Erica
 18199 | Orc:1    | 18199 ||| INVOKING Heroism.
 18201 | Orc:1    | Found Bybrukhaum's Specific Store.
 18210 | Orc:1    | Killed Erica
 18219 | Orc:1    | 18219 ||| BUYING scroll of enchant weapon (105 gold).
 18219 | Orc:1    | Bought a scroll of enchant weapon for 105 gold pieces
 18219 | Orc:1    | 18219 ||| READING scroll of enchant weapon.
 18219 | Orc:1    | 18219 ||| ENCHANTING +4 broad axe of chaos.
 18224 | Orc:1    | 18224 ||| SHOPLISTING scroll of brand weapon (114 gold,
                  | have 72).
 18224 | Orc:1    | 18224 ||| SHOPLISTING scroll of enchant weapon (90 gold,
                  | have 72).
 18277 | Orc:1    | 18277 ||| Stepping ~*~*~tactically~*~*~ (stealth).
 18279 | Orc:1    | 18279 ||| Stepping ~*~*~tactically~*~*~ (hiding).
 18495 | Orc:2    | Entered Level 2 of the Orcish Mines
 18518 | Orc:2    | 18518 ||| INVOKING Heroism.
 18521 | Orc:2    | Paralysed by an orc sorcerer for 3 turns
 18557 | Orc:2    | Noticed an orc warlord
 18557 | Orc:2    | 18557 ||| INVOKING Heroism.
 18558 | Orc:2    | Found Pequlops's Antique Weapon Shop.
 18574 | Orc:2    | Killed an orc warlord
 18595 | Orc:2    | 18595 ||| DRINKING 13 potions of curing.
 18595 | Orc:2    | 18595 ||| (to cure confusion)
 18606 | Orc:2    | Found a staircase to the Elven Halls.
 18618 | Orc:2    | 18618 ||| INVOKING Heroism.
 18661 | Orc:2    | 18661 ||| Stepping ~*~*~tactically~*~*~ (hiding).
 18663 | Orc:2    | 18663 ||| Stepping ~*~*~tactically~*~*~ (hiding).
 18664 | Orc:2    | 18664 ||| Stepping ~*~*~tactically~*~*~ (hiding).
 18666 | Orc:2    | 18666 ||| Stepping ~*~*~tactically~*~*~ (hiding).
 18668 | Orc:2    | 18668 ||| INVOKING Heroism.
 18684 | Orc:2    | Found Ucopluog's Book Emporium.
 18730 | Orc:2    | 18730 ||| UPGRADING to +2 plate armour of cold resistance.
 18938 | Orc:2    | Found Jurequl's General Store.
 18967 | Orc:2    | 18967 ||| BUYING potion of lignification (42 gold).
 18967 | Orc:2    | Bought a potion of lignification for 42 gold pieces
 18972 | Orc:2    | 18972 ||| INVOKING Heroism.
 18973 | Orc:2    | Found Ogiod's Antique Armour Boutique.
 18975 | Orc:2    | Reached XP level 16. HP: 121/121 MP: 20/23
 19004 | Orc:2    | Paralysed by an orc sorcerer for 5 turns
 19024 | Orc:2    | Reached skill level 15 in Shields
 19026 | Orc:2    | 19026 ||| INVOKING Heroism.
 19042 | Orc:2    | 19042 ||| INVOKING Heroism.
 19058 | Orc:2    | 19058 ||| Stepping ~*~*~tactically~*~*~ (hiding).
 19138 | Orc:2    | Noticed qw's ghost (adept GrFi)
 19154 | Orc:2    | Found a transporter.
 19189 | Orc:2    | 19189 ||| DRINKING 12 potions of curing.
 19189 | Orc:2    | 19189 ||| (to cure confusion)
 19260 | Orc:2    | Found a transporter.
 19428 | Orc:2    | 19428 ||| PLANNING SHOALS:1-3
 19603 | Shoals:1 | Entered Level 1 of the Shoals
 19618 | Shoals:1 | 19618 ||| Stepping ~*~*~tactically~*~*~ (stealth).
 19620 | Shoals:1 | 19620 ||| Stepping ~*~*~tactically~*~*~ (hiding).
 19635 | Shoals:1 | 19635 ||| Stepping ~*~*~tactically~*~*~ (hiding).
 19770 | Shoals:1 | Found Kad Roam's Weapon Emporium.
 19785 | Shoals:1 | Identified the +5 glaive of Dowdy Expedience {speed, Will+
                  | rCorr}
 19816 | Shoals:1 | Received a gift from Okawaru
 19842 | Shoals:1 | 19842 ||| INVOKING Heroism.
 20043 | Shoals:1 | Noticed Josephine
 20063 | Shoals:1 | Killed Josephine
 20063 | Shoals:1 | Identified the +1 hand axe of the Abyss {antimagic, Drain
                  | rPois Str+9} (Okawaru gifted it to you on level 1 of the
                  | Shoals)
 20063 | Shoals:1 | Received a gift from Okawaru
 20069 | Shoals:1 | 20069 ||| INVOKING Heroism.
 20558 | Shoals:1 | 20558 ||| READING 8 scrolls of identify.
 20558 | Shoals:1 | 20558 ||| IDENTIFYING sedimented purple potion
 20559 | Shoals:1 | 20559 ||| DROPPING potion of enlightenment.
 20689 | Shoals:2 | 20689 ||| INVOKING Heroism.
 20735 | Shoals:2 | 20735 ||| INVOKING Finesse.
 20753 | Shoals:2 | Received a gift from Okawaru
 20760 | Shoals:2 | 20760 ||| INVOKING Heroism.
 20769 | Shoals:2 | Reached skill level 12 in Armour
 20806 | Shoals:2 | 20806 ||| Stepping ~*~*~tactically~*~*~ (hiding).
 20807 | Shoals:2 | 20807 ||| Stepping ~*~*~tactically~*~*~ (hiding).
 20808 | Shoals:2 | 20808 ||| Stepping ~*~*~tactically~*~*~ (hiding).
 21095 | Shoals:2 | 21095 ||| INVOKING Heroism.
 21497 | Shoals:3 | 21497 ||| INVOKING Heroism.
 21504 | Shoals:3 | Received a gift from Okawaru
 21530 | Shoals:3 | 21530 ||| INVOKING Heroism.
 21687 | Shoals:3 | 21687 ||| Stepping ~*~*~tactically~*~*~ (hiding).
 21714 | Shoals:3 | 21714 ||| INVOKING Heroism.
 21915 | Shoals:3 | 21915 ||| INVOKING Heroism.
 21981 | Shoals:3 | 21981 ||| Stepping ~*~*~tactically~*~*~ (hiding).
 21984 | Shoals:3 | 21984 ||| INVOKING Heroism.
 22187 | Shoals:3 | 22187 ||| PLANNING SNAKE:1-3
 22307 | Snake:1  | Entered Level 1 of the Snake Pit
 22331 | Snake:1  | 22331 ||| Stepping ~*~*~tactically~*~*~ (hiding).
 22337 | Snake:1  | 22337 ||| INVOKING Heroism.
 22340 | Snake:1  | 22340 ||| Stepping ~*~*~tactically~*~*~ (hiding).
 22382 | Snake:1  | Reached XP level 17. HP: 127/127 MP: 24/24
 22476 | Snake:1  | 22476 ||| Stepping ~*~*~tactically~*~*~ (hiding).
 22535 | Snake:1  | 22535 ||| INVOKING Heroism.
 22614 | Snake:1  | 22614 ||| INVOKING Heroism.
 22635 | Snake:1  | Received a gift from Okawaru
 22648 | Snake:1  | 22648 ||| Stepping ~*~*~tactically~*~*~ (hiding).
 22650 | Snake:1  | 22650 ||| Stepping ~*~*~tactically~*~*~ (hiding).
 22725 | Snake:1  | 22725 ||| Stepping ~*~*~tactically~*~*~ (hiding).
 22726 | Snake:1  | 22726 ||| INVOKING Heroism.
 22744 | Snake:1  | 22744 ||| Stepping ~*~*~tactically~*~*~ (hiding).
 22746 | Snake:1  | 22746 ||| Stepping ~*~*~tactically~*~*~ (hiding).
 22753 | Snake:1  | 22753 ||| Stepping ~*~*~tactically~*~*~ (hiding).
 22840 | Snake:1  | 22840 ||| Stepping ~*~*~tactically~*~*~ (hiding).
 22842 | Snake:1  | 22842 ||| Stepping ~*~*~tactically~*~*~ (hiding).
 22846 | Snake:1  | 22846 ||| INVOKING Heroism.
 22995 | Snake:1  | 22995 ||| Stepping ~*~*~tactically~*~*~ (hiding).
 23000 | Snake:1  | 23000 ||| INVOKING Heroism.
 23041 | Snake:2  | 23041 ||| Stepping ~*~*~tactically~*~*~ (hiding).
 23165 | Snake:2  | Reached skill level 13 in Fighting
 23212 | Snake:2  | 23212 ||| Stepping ~*~*~tactically~*~*~ (stealth).
 23242 | Snake:2  | 23242 ||| Stepping ~*~*~tactically~*~*~ (hiding).
 23354 | Snake:2  | 23354 ||| INVOKING Heroism.
 23357 | Snake:2  | Noticed Vashnia
 23375 | Snake:2  | Killed Vashnia
 23390 | Snake:2  | 23390 ||| INVOKING Heroism.
 23637 | Snake:2  | Noticed Aizul
 23638 | Snake:2  | 23638 ||| INVOKING Heroism.
 23639 | Snake:2  | 23639 ||| INVOKING Finesse.
 23649 | Snake:2  | Banished Aizul
 23722 | Snake:2  | 23722 ||| Stepping ~*~*~tactically~*~*~ (hiding).
 23756 | Snake:2  | Received a gift from Okawaru
 23795 | Snake:2  | 23795 ||| Stepping ~*~*~tactically~*~*~ (hiding).
 24528 | Snake:2  | 24528 ||| Stepping ~*~*~tactically~*~*~ (hiding).
 24529 | Snake:2  | 24529 ||| Stepping ~*~*~tactically~*~*~ (hiding).
 24567 | Snake:2  | 24567 ||| READING scroll labelled PUOSSU AXUIH PAOJA.
 24567 | Snake:2  | Identified a scroll of acquirement
 24567 | Snake:2  | 24567 ||| ACQUIRING amulet of faith
 24567 | Snake:2  | Acquired an amulet of faith
 24569 | Snake:2  | 24569 ||| UPGRADING to amulet of faith.
 24651 | Snake:3  | Identified the -1 helmet of qw's Prudence {+Blink rPois
                  | Int-2 Dex+3} (Okawaru gifted it to you on level 3 of the
                  | Snake Pit)
 24651 | Snake:3  | Received a gift from Okawaru
 24674 | Snake:3  | 24674 ||| Stepping ~*~*~tactically~*~*~ (hiding).
 24676 | Snake:3  | 24676 ||| INVOKING Heroism.
 24692 | Snake:3  | Reached skill level 18 in Axes
 24705 | Snake:3  | 24705 ||| INVOKING Heroism.
 24763 | Snake:3  | 24763 ||| Stepping ~*~*~tactically~*~*~ (stealth).
 24787 | Snake:3  | Found Imep's Antique Weapon Emporium.
 24796 | Snake:3  | 24796 ||| INVOKING Heroism.
 24837 | Snake:3  | 24837 ||| INVOKING Heroism.
 24867 | Snake:3  | Found Adocehagym's Armour Emporium.
 24867 | Snake:3  | Found Joack's Assorted Antiques.
 24872 | Snake:3  | Found Ontiq's Antique Weapon Shoppe.
 24875 | Snake:3  | 24875 ||| SHOPLISTING quicksilver dragon scales "Wuajumy
                  | Ugett" {rC- Will+ Str+3 SInv Stlth+} (1172 gold, have 857).
 24881 | Snake:3  | 24881 ||| SHOPLISTING glowing plate armour (936 gold, have
                  | 857).
 24881 | Snake:3  | 24881 ||| BUYING scroll labelled OPOEGU VEGESY (36 gold).
 24881 | Snake:3  | Bought a scroll labelled OPOEGU VEGESY for 36 gold pieces
 24881 | Snake:3  | 24881 ||| BUYING scroll of teleportation (108 gold).
 24881 | Snake:3  | Bought a scroll of teleportation for 108 gold pieces
 24939 | Snake:3  | 24939 ||| Stepping ~*~*~tactically~*~*~ (stealth).
 24962 | Snake:3  | 24962 ||| Stepping ~*~*~tactically~*~*~ (hiding).
 24965 | Snake:3  | 24965 ||| Stepping ~*~*~tactically~*~*~ (hiding).
 24976 | Snake:3  | 24976 ||| Stepping ~*~*~tactically~*~*~ (stealth).
 24977 | Snake:3  | 24977 ||| Stepping ~*~*~tactically~*~*~ (hiding).
 25007 | Snake:3  | Noticed Louise
 25012 | Snake:3  | 25012 ||| Stepping ~*~*~tactically~*~*~ (hiding).
 25024 | Abyss:3  | Cast into level 3 of the Abyss (Louise)
 25062 | Abyss:3  | 25062 ||| Stepping ~*~*~tactically~*~*~ (stealth).
 25068 | Abyss:3  | 25068 ||| Stepping ~*~*~tactically~*~*~ (stealth).
 25069 | Abyss:3  | 25069 ||| Stepping ~*~*~tactically~*~*~ (stealth).
 25074 | Abyss:3  | 25074 ||| Stepping ~*~*~tactically~*~*~ (stealth).
 25079 | Abyss:3  | Reached XP level 18. HP: 136/136 MP: 25/25
 25085 | Abyss:3  | 25085 ||| DROPPING +3 war axe of flaming.
 25121 | Abyss:3  | 25121 ||| Stepping ~*~*~tactically~*~*~ (hiding).
 25123 | Abyss:3  | 25123 ||| Stepping ~*~*~tactically~*~*~ (hiding).
 25178 | Abyss:3  | 25178 ||| Stepping ~*~*~tactically~*~*~ (stealth).
 25179 | Abyss:3  | 25179 ||| Stepping ~*~*~tactically~*~*~ (stealth).
 25180 | Abyss:3  | 25180 ||| Stepping ~*~*~tactically~*~*~ (stealth).
 25181 | Abyss:3  | 25181 ||| Stepping ~*~*~tactically~*~*~ (stealth).
 25182 | Abyss:3  | 25182 ||| Stepping ~*~*~tactically~*~*~ (stealth).
 25208 | Abyss:3  | 25208 ||| Stepping ~*~*~tactically~*~*~ (stealth).
 25215 | Abyss:3  | 25215 ||| Stepping ~*~*~tactically~*~*~ (hiding).
 25229 | Abyss:3  | 25229 ||| Stepping ~*~*~tactically~*~*~ (stealth).
 25240 | Abyss:3  | 25240 ||| Stepping ~*~*~tactically~*~*~ (hiding).
 25243 | Abyss:3  | 25243 ||| Stepping ~*~*~tactically~*~*~ (hiding).
 25271 | Abyss:3  | 25271 ||| INVOKING Heroism.
 25318 | Abyss:3  | 25318 ||| Stepping ~*~*~tactically~*~*~ (stealth).
 25326 | Abyss:3  | 25326 ||| Stepping ~*~*~tactically~*~*~ (stealth).
 25356 | Abyss:3  | 25356 ||| Stepping ~*~*~tactically~*~*~ (stealth).
 25366 | Abyss:3  | 25366 ||| Stepping ~*~*~tactically~*~*~ (hiding).
 25376 | Abyss:3  | 25376 ||| Stepping ~*~*~tactically~*~*~ (hiding).
 25377 | Abyss:3  | 25377 ||| Stepping ~*~*~tactically~*~*~ (hiding).
 25389 | Abyss:3  | Noticed a Hell Sentinel
 25391 | Abyss:3  | 25391 ||| Stepping ~*~*~tactically~*~*~ (stealth).
 25395 | Abyss:3  | 25395 ||| Stepping ~*~*~tactically~*~*~ (stealth).
 25412 | Abyss:3  | Paralysed by accursed screaming for 1 turns
 25414 | Abyss:3  | 25414 ||| INVOKING Heroism.
 25426 | Abyss:3  | 25426 ||| INVOKING Finesse.
 25428 | Abyss:3  | Received a gift from Okawaru
 25442 | Abyss:3  | Killed a Hell Sentinel
 25496 | Abyss:3  | 25496 ||| Stepping ~*~*~tactically~*~*~ (stealth).
 25497 | Abyss:3  | 25497 ||| Stepping ~*~*~tactically~*~*~ (stealth).
 25527 | Abyss:3  | 25527 ||| Stepping ~*~*~tactically~*~*~ (stealth).
 25533 | Abyss:3  | Reached skill level 14 in Fighting
 25534 | Abyss:3  | 25534 ||| Stepping ~*~*~tactically~*~*~ (stealth).
 25578 | Abyss:3  | 25578 ||| Stepping ~*~*~tactically~*~*~ (hiding).
 25579 | Abyss:3  | 25579 ||| Stepping ~*~*~tactically~*~*~ (hiding).
 25580 | Abyss:3  | 25580 ||| Stepping ~*~*~tactically~*~*~ (hiding).
 25587 | Abyss:3  | Reached skill level 18 in Shields
 25588 | Abyss:3  | 25588 ||| Stepping ~*~*~tactically~*~*~ (stealth).
 25589 | Abyss:3  | 25589 ||| Stepping ~*~*~tactically~*~*~ (stealth).
 25598 | Abyss:3  | 25598 ||| Stepping ~*~*~tactically~*~*~ (stealth).
 25617 | Abyss:3  | 25617 ||| Stepping ~*~*~tactically~*~*~ (hiding).
 25649 | Abyss:3  | Found a broken altar of Ashenzari.
 25650 | Abyss:3  | 25650 ||| Stepping ~*~*~tactically~*~*~ (stealth).
 25678 | Abyss:3  | 25678 ||| INVOKING Heroism.
 25684 | Abyss:3  | 25684 ||| Stepping ~*~*~tactically~*~*~ (stealth).
 25687 | Abyss:3  | 25687 ||| Stepping ~*~*~tactically~*~*~ (stealth).
 25709 | Abyss:3  | 25709 ||| Stepping ~*~*~tactically~*~*~ (stealth).
 25710 | Abyss:3  | 25710 ||| Stepping ~*~*~tactically~*~*~ (stealth).
 25711 | Abyss:3  | 25711 ||| Stepping ~*~*~tactically~*~*~ (stealth).
 25712 | Abyss:3  | 25712 ||| Stepping ~*~*~tactically~*~*~ (stealth).
 25719 | Abyss:3  | 25719 ||| Stepping ~*~*~tactically~*~*~ (stealth).
 25720 | Abyss:3  | 25720 ||| Stepping ~*~*~tactically~*~*~ (stealth).
 25739 | Abyss:3  | 25739 ||| Stepping ~*~*~tactically~*~*~ (hiding).
 25755 | Abyss:3  | Received a gift from Okawaru
 25771 | Abyss:3  | Noticed a bone dragon
 25780 | Abyss:3  | 25780 ||| INVOKING Heroism.
 25784 | Abyss:3  | Lost mutation: You are very robust. (+20% HP) [a neqoxec]
 25785 | Abyss:3  | Gained mutation: You are vulnerable to cold. (rC-) [a
                  | neqoxec]
 25815 | Abyss:3  | Killed a bone dragon
 25827 | Abyss:3  | Received a gift from Okawaru
 25844 | Abyss:3  | Noticed a bone dragon
 25861 | Abyss:3  | Reached skill level 15 in Fighting
 25872 | Abyss:3  | 25872 ||| INVOKING Heroism.
 25875 | Abyss:3  | Killed a bone dragon
 25880 | Abyss:3  | Noticed a lich
 25881 | Abyss:3  | 25881 ||| Stepping ~*~*~tactically~*~*~ (stealth).
 25883 | Abyss:3  | 25883 ||| INVOKING Finesse.
 25896 | Abyss:3  | Killed a lich
 25925 | Abyss:3  | 25925 ||| Stepping ~*~*~tactically~*~*~ (stealth).
 25953 | Abyss:3  | Gained mutation: You occasionally shout uncontrollably at
                  | your foes. [a cacodemon]
 25962 | Abyss:3  | Received a gift from Okawaru
 25970 | Abyss:3  | 25970 ||| Stepping ~*~*~tactically~*~*~ (hiding).
 25970 | Abyss:3  | Found a broken altar of Ashenzari.
 25981 | Abyss:3  | 25981 ||| Stepping ~*~*~tactically~*~*~ (hiding).
 25996 | Abyss:3  | 25996 ||| INVOKING Heroism.
 26007 | Abyss:3  | 26007 ||| Stepping ~*~*~tactically~*~*~ (stealth).
 26051 | Abyss:3  | 26051 ||| Stepping ~*~*~tactically~*~*~ (stealth).
 26055 | Abyss:3  | 26055 ||| Stepping ~*~*~tactically~*~*~ (stealth).
 26074 | Abyss:3  | Noticed a lich
 26075 | Abyss:3  | 26075 ||| INVOKING Heroism.
 26076 | Abyss:3  | 26076 ||| INVOKING Finesse.
 26093 | Abyss:3  | Killed a lich
 26101 | Abyss:3  | 26101 ||| Stepping ~*~*~tactically~*~*~ (hiding).
 26149 | Abyss:3  | 26149 ||| Stepping ~*~*~tactically~*~*~ (stealth).
 26174 | Abyss:3  | 26174 ||| INVOKING Heroism.
 26183 | Abyss:3  | 26183 ||| DRINKING 14 potions of curing.
 26183 | Abyss:3  | 26183 ||| (to cure confusion)
 26232 | Abyss:3  | Found a broken altar of Ashenzari.
 26233 | Abyss:3  | 26233 ||| Stepping ~*~*~tactically~*~*~ (hiding).
 26239 | Abyss:3  | 26239 ||| INVOKING Heroism.
 26306 | Abyss:3  | Paralysed by accursed screaming for 1 turns
 26315 | Abyss:3  | 26315 ||| INVOKING Heroism.
 26315 | Abyss:3  | Paralysed by an air elemental for 1 turns
 26319 | Abyss:3  | Reached XP level 19. HP: 79/136 MP: 23/26
 26329 | Abyss:3  | 26329 ||| INVOKING Heroism.
 26345 | Abyss:3  | 26345 ||| Stepping ~*~*~tactically~*~*~ (stealth).
 26345 | Abyss:3  | Found a broken altar of Ashenzari.
 26356 | Abyss:3  | Gained mutation: Your body sometimes deteriorates upon
                  | taking damage. [a cacodemon]
 26366 | Abyss:3  | 26366 ||| DRINKING 13 potions of curing.
 26366 | Abyss:3  | 26366 ||| (to cure confusion)
 26390 | Abyss:3  | 26390 ||| Stepping ~*~*~tactically~*~*~ (stealth).
 26394 | Abyss:3  | Reached skill level 16 in Fighting
 26396 | Abyss:3  | 26396 ||| INVOKING Heroism.
 26397 | Abyss:3  | 26397 ||| INVOKING Finesse.
 26407 | Abyss:3  | 26407 ||| Stepping ~*~*~tactically~*~*~ (hiding).
 26414 | Abyss:3  | 26414 ||| Stepping ~*~*~tactically~*~*~ (hiding).
 26415 | Abyss:3  | 26415 ||| Stepping ~*~*~tactically~*~*~ (hiding).
 26419 | Abyss:3  | 26419 ||| Stepping ~*~*~tactically~*~*~ (hiding).
 26420 | Abyss:3  | 26420 ||| Stepping ~*~*~tactically~*~*~ (hiding).
 26435 | Abyss:3  | Paralysed by accursed screaming for 2 turns
 26454 | Abyss:3  | Paralysed by accursed screaming for 2 turns
 26459 | Abyss:3  | Paralysed by accursed screaming for 2 turns
 26465 | Abyss:3  | HP: 30/137 [starcursed mass/accursed screaming (13)]
 26466 | Abyss:3  | 26466 ||| READING 4 scrolls of teleportation.
 26467 | Abyss:3  | 26467 ||| DRINKING 6 potions of heal wounds.
 26468 | Abyss:3  | 26468 ||| INVOKING Heroism.
 26473 | Abyss:3  | Received a gift from Okawaru
 26477 | Abyss:3  | HP: 33/137 [starcursed mass/accursed screaming (11)]
 26478 | Snake:3  | Escaped the Abyss
 26506 | Snake:3  | 26506 ||| Stepping ~*~*~tactically~*~*~ (stealth).
 26507 | Snake:3  | 26507 ||| Stepping ~*~*~tactically~*~*~ (stealth).
 26531 | Snake:3  | 26531 ||| Stepping ~*~*~tactically~*~*~ (stealth).
 26532 | Snake:3  | 26532 ||| Stepping ~*~*~tactically~*~*~ (stealth).
 26534 | Snake:3  | 26534 ||| Stepping ~*~*~tactically~*~*~ (hiding).
 26535 | Snake:3  | 26535 ||| Stepping ~*~*~tactically~*~*~ (hiding).
 26539 | Snake:3  | 26539 ||| INVOKING Heroism.
 26579 | Snake:3  | Found Rinecr Jeeph's General Store.
 26599 | Snake:3  | 26599 ||| BUYING potion of mutation (120 gold).
 26599 | Snake:3  | Bought a potion of mutation for 120 gold pieces
 26599 | Snake:3  | 26599 ||| BUYING scroll of teleportation (45 gold).
 26599 | Snake:3  | Bought a scroll of teleportation for 45 gold pieces
 26612 | Snake:3  | Received a gift from Okawaru
 26676 | Snake:3  | 26676 ||| Stepping ~*~*~tactically~*~*~ (hiding).
 26681 | Snake:3  | 26681 ||| Stepping ~*~*~tactically~*~*~ (hiding).
 26688 | Snake:3  | 26688 ||| Stepping ~*~*~tactically~*~*~ (hiding).
 26703 | Abyss:3  | Cast into level 3 of the Abyss (Louise)
 26737 | Abyss:3  | 26737 ||| Stepping ~*~*~tactically~*~*~ (stealth).
 26739 | Abyss:3  | 26739 ||| Stepping ~*~*~tactically~*~*~ (stealth).
 26740 | Abyss:3  | 26740 ||| Stepping ~*~*~tactically~*~*~ (stealth).
 26748 | Abyss:3  | 26748 ||| Stepping ~*~*~tactically~*~*~ (stealth).
 26793 | Abyss:3  | Reached skill level 15 in Armour
 26808 | Abyss:3  | Received a gift from Okawaru
 26827 | Abyss:3  | 26827 ||| DROPPING +0 broad axe.
 26828 | Abyss:3  | 26828 ||| UPGRADING to +5 broad axe of flaming.
 26829 | Abyss:3  | 26829 ||| DROPPING +5 broad axe of chaos.
 26879 | Abyss:3  | Identified the +1 ring mail of Terror {Int+5} (Okawaru
                  | gifted it to you on level 3 of the Abyss)
 26879 | Abyss:3  | Received a gift from Okawaru
 26926 | Snake:3  | Escaped the Abyss
 26962 | Snake:3  | Killed Louise
 27167 | Snake:3  | 27167 ||| PLANNING SHOALS:4
 27167 | Snake:3  | 27167 ||| DROPPING -1 helmet of qw's Prudence {+Blink rPois
                  | Int-2 Dex+3}.
 27168 | Snake:3  | 27168 ||| READING scroll labelled OPOEGU VEGESY.
 27342 | Shoals:4 | Entered Level 4 of the Shoals
 27342 | Shoals:4 | Found Kul Enn's Self-Improvement Boutique.
 27427 | Shoals:4 | 27427 ||| Stepping ~*~*~tactically~*~*~ (hiding).
 27429 | Shoals:4 | 27429 ||| Stepping ~*~*~tactically~*~*~ (hiding).
 27430 | Shoals:4 | 27430 ||| Stepping ~*~*~tactically~*~*~ (hiding).
 27432 | Shoals:4 | 27432 ||| INVOKING Heroism.
 27433 | Shoals:4 | 27433 ||| INVOKING Finesse.
 27442 | Shoals:4 | 27442 ||| Stepping ~*~*~tactically~*~*~ (hiding).
 27525 | Shoals:4 | 27525 ||| Stepping ~*~*~tactically~*~*~ (hiding).
 27538 | Shoals:4 | 27538 ||| Stepping ~*~*~tactically~*~*~ (hiding).
 27661 | Shoals:4 | Noticed Roxanne
 27662 | Shoals:4 | 27662 ||| INVOKING Heroism.
 27663 | Shoals:4 | 27663 ||| INVOKING Finesse.
 27674 | Shoals:4 | Killed Roxanne
 27725 | Shoals:4 | 27725 ||| Stepping ~*~*~tactically~*~*~ (hiding).
 27726 | Shoals:4 | 27726 ||| INVOKING Finesse.
 27760 | Shoals:4 | 27760 ||| INVOKING Heroism.
 27772 | Shoals:4 | 27772 ||| Stepping ~*~*~tactically~*~*~ (hiding).
 27773 | Shoals:4 | 27773 ||| Stepping ~*~*~tactically~*~*~ (hiding).
 27791 | Shoals:4 | Got a barnacled rune of Zot
 27831 | Shoals:4 | Identified the staff of poison "Geumiap" {Fly rPois rF-
                  | rC++ rCorr}
 27860 | Shoals:4 | 27860 ||| INVOKING Heroism.
 27861 | Shoals:4 | 27861 ||| INVOKING Finesse.
 27933 | Shoals:4 | 27933 ||| Stepping ~*~*~tactically~*~*~ (hiding).
 28037 | Shoals:4 | 28037 ||| Stepping ~*~*~tactically~*~*~ (hiding).
 28038 | Shoals:4 | 28038 ||| Stepping ~*~*~tactically~*~*~ (hiding).
 28039 | Shoals:4 | 28039 ||| Stepping ~*~*~tactically~*~*~ (hiding).
 28043 | Shoals:4 | 28043 ||| INVOKING Heroism.
 28075 | Shoals:4 | 28075 ||| Stepping ~*~*~tactically~*~*~ (stealth).
 28077 | Shoals:4 | 28077 ||| Stepping ~*~*~tactically~*~*~ (stealth).
 28080 | Shoals:4 | 28080 ||| Stepping ~*~*~tactically~*~*~ (stealth).
 28086 | Shoals:4 | 28086 ||| Stepping ~*~*~tactically~*~*~ (stealth).
 28099 | Shoals:4 | Reached skill level 17 in Fighting
 28265 | Shoals:4 | Found Haese's Jewellery Boutique.
 28282 | Shoals:4 | 28282 ||| BUYING +5 ring of evasion (720 gold).
 28282 | Shoals:4 | Bought a +5 ring of evasion for 720 gold pieces
 28282 | Shoals:4 | 28282 ||| SHOPLISTING ring of Fatigue {rF+ Int+6} (1000
                  | gold, have 49).
 28285 | Shoals:4 | 28285 ||| Stepping ~*~*~tactically~*~*~ (hiding).
 28301 | Shoals:4 | 28301 ||| Stepping ~*~*~tactically~*~*~ (hiding).
 28302 | Shoals:4 | 28302 ||| Stepping ~*~*~tactically~*~*~ (hiding).
 28303 | Shoals:4 | 28303 ||| Stepping ~*~*~tactically~*~*~ (hiding).
 28304 | Shoals:4 | 28304 ||| Stepping ~*~*~tactically~*~*~ (hiding).
 28311 | Shoals:4 | 28311 ||| INVOKING Heroism.
 28538 | Shoals:4 | 28538 ||| Stepping ~*~*~tactically~*~*~ (hiding).
 28544 | Shoals:4 | 28544 ||| INVOKING Heroism.
 28572 | Shoals:4 | 28572 ||| PLANNING VAULTS:1-4
 28572 | Shoals:4 | 28572 ||| UPGRADING to +5 ring of evasion.
 28574 | Shoals:4 | 28574 ||| DROPPING +4 ring of protection.
 28810 | Vaults:1 | Entered Level 1 of the Vaults
 28811 | Vaults:1 | 28811 ||| PLANNING BAZAAR
 28830 | Vaults:1 | 28830 ||| Stepping ~*~*~tactically~*~*~ (hiding).
 28841 | Vaults:1 | 28841 ||| Stepping ~*~*~tactically~*~*~ (hiding).
 28871 | Vaults:1 | Received a gift from Okawaru
 28895 | Vaults:1 | Reached XP level 20. HP: 140/147 MP: 27/27
 29090 | Vaults:1 | 29090 ||| INVOKING Heroism.
 29091 | Vaults:1 | 29091 ||| INVOKING Finesse.
 29215 | Vaults:1 | 29215 ||| Stepping ~*~*~tactically~*~*~ (stealth).
 29296 | Vaults:1 | Received a gift from Okawaru
 29355 | Vaults:1 | 29355 ||| INVOKING Heroism.
 29362 | Vaults:1 | Reached skill level 18 in Fighting
 29412 | Vaults:1 | Found a flickering gateway to a bazaar.
 29414 | Vaults:1 | 29414 ||| UPGRADING to +2 plate armour of willpower.
 29424 | Vaults:1 | 29424 ||| DROPPING ring of see invisible.
 29433 | Bazaar   | Entered a bazaar
 29433 | Bazaar   | Found Yruck's Distillery.
 29433 | Bazaar   | Found Zoukimulee's Antique Weapon Shop.
 29433 | Bazaar   | Found Pitipenina's Book Shop.
 29436 | Bazaar   | 29436 ||| BUYING potion of curing (27 gold).
 29436 | Bazaar   | Bought a potion of curing for 27 gold pieces
 29436 | Bazaar   | 29436 ||| BUYING potion of curing (27 gold).
 29436 | Bazaar   | Bought a potion of curing for 27 gold pieces
 29446 | Vaults:1 | 29446 ||| PLANNING VAULTS:1-4
 29476 | Vaults:1 | 29476 ||| Stepping ~*~*~tactically~*~*~ (hiding).
 29485 | Vaults:1 | 29485 ||| Stepping ~*~*~tactically~*~*~ (hiding).
 29486 | Vaults:1 | 29486 ||| Stepping ~*~*~tactically~*~*~ (hiding).
 29487 | Vaults:1 | 29487 ||| Stepping ~*~*~tactically~*~*~ (hiding).
 29488 | Vaults:1 | 29488 ||| Stepping ~*~*~tactically~*~*~ (hiding).
 29489 | Vaults:1 | 29489 ||| Stepping ~*~*~tactically~*~*~ (hiding).
 29490 | Vaults:1 | 29490 ||| Stepping ~*~*~tactically~*~*~ (hiding).
 29492 | Vaults:1 | 29492 ||| Stepping ~*~*~tactically~*~*~ (hiding).
 29493 | Vaults:1 | 29493 ||| Stepping ~*~*~tactically~*~*~ (hiding).
 29494 | Vaults:1 | 29494 ||| Stepping ~*~*~tactically~*~*~ (hiding).
 29495 | Vaults:1 | 29495 ||| Stepping ~*~*~tactically~*~*~ (hiding).
 29509 | Vaults:1 | 29509 ||| Stepping ~*~*~tactically~*~*~ (hiding).
 29511 | Vaults:1 | 29511 ||| Stepping ~*~*~tactically~*~*~ (hiding).
 29512 | Vaults:1 | 29512 ||| Stepping ~*~*~tactically~*~*~ (hiding).
 29513 | Vaults:1 | 29513 ||| Stepping ~*~*~tactically~*~*~ (hiding).
 29514 | Vaults:1 | 29514 ||| Stepping ~*~*~tactically~*~*~ (hiding).
 29515 | Vaults:1 | 29515 ||| Stepping ~*~*~tactically~*~*~ (hiding).
 29516 | Vaults:1 | 29516 ||| Stepping ~*~*~tactically~*~*~ (hiding).
 29517 | Vaults:1 | 29517 ||| Stepping ~*~*~tactically~*~*~ (hiding).
 29519 | Vaults:1 | 29519 ||| Stepping ~*~*~tactically~*~*~ (hiding).
 29520 | Vaults:1 | 29520 ||| Stepping ~*~*~tactically~*~*~ (hiding).
 29521 | Vaults:1 | 29521 ||| Stepping ~*~*~tactically~*~*~ (hiding).
 29522 | Vaults:1 | 29522 ||| Stepping ~*~*~tactically~*~*~ (hiding).
 29523 | Vaults:1 | 29523 ||| Stepping ~*~*~tactically~*~*~ (hiding).
 29756 | Vaults:1 | 29756 ||| Stepping ~*~*~tactically~*~*~ (stealth).
 30046 | Vaults:1 | 30046 ||| FLEEEEING.
 30047 | Vaults:1 | 30047 ||| FLEEEEING.
 30048 | Vaults:1 | 30048 ||| FLEEEEING.
 30049 | Vaults:1 | 30049 ||| FLEEEEING.
 30051 | Vaults:1 | 30051 ||| FLEEEEING.
 30056 | Vaults:1 | 30056 ||| FLEEEEING.
 30057 | Vaults:1 | 30057 ||| FLEEEEING.
 30058 | Vaults:1 | 30058 ||| FLEEEEING.
 30059 | Vaults:1 | 30059 ||| FLEEEEING.
 30060 | Vaults:1 | 30060 ||| FLEEEEING.
 30061 | Vaults:1 | 30061 ||| FLEEEEING.
 30062 | Vaults:1 | 30062 ||| FLEEEEING.
 30063 | Vaults:1 | 30063 ||| FLEEEEING.
 30064 | Vaults:1 | 30064 ||| FLEEEEING.
 30065 | Vaults:1 | 30065 ||| FLEEEEING.
 30066 | Vaults:1 | 30066 ||| FLEEEEING.
 30068 | Vaults:1 | 30068 ||| FLEEEEING.
 30069 | Vaults:1 | 30069 ||| FLEEEEING.
 30070 | Vaults:1 | 30070 ||| FLEEEEING.
 30071 | Vaults:1 | 30071 ||| FLEEEEING.
 30072 | Vaults:1 | 30072 ||| FLEEEEING.
 30073 | Vaults:1 | 30073 ||| FLEEEEING.
 30074 | Vaults:1 | 30074 ||| FLEEEEING.
 30075 | Vaults:1 | 30075 ||| FLEEEEING.
 30076 | Vaults:1 | 30076 ||| FLEEEEING.
 30077 | Vaults:1 | 30077 ||| FLEEEEING.
 30078 | Vaults:1 | 30078 ||| FLEEEEING.
 30079 | Vaults:1 | 30079 ||| FLEEEEING.
 30080 | Vaults:1 | 30080 ||| FLEEEEING.
 30081 | Vaults:1 | 30081 ||| FLEEEEING.
 30082 | Vaults:1 | 30082 ||| FLEEEEING.
 30083 | Vaults:1 | 30083 ||| FLEEEEING.
 30084 | Vaults:1 | 30084 ||| FLEEEEING.
 30085 | Vaults:1 | 30085 ||| FLEEEEING.
 30091 | Vaults:1 | 30091 ||| FLEEEEING.
 30098 | Vaults:1 | 30098 ||| FLEEEEING.
 30100 | Vaults:1 | 30100 ||| STAIRDANCE
 30216 | Vaults:1 | 30216 ||| Stepping ~*~*~tactically~*~*~ (hiding).
 30223 | Vaults:1 | 30223 ||| Stepping ~*~*~tactically~*~*~ (hiding).
 30224 | Vaults:1 | 30224 ||| Stepping ~*~*~tactically~*~*~ (hiding).
 30228 | Vaults:1 | Received a gift from Okawaru
 30501 | Vaults:1 | 30501 ||| Stepping ~*~*~tactically~*~*~ (hiding).
 30510 | Vaults:1 | Reached skill level 9 in Throwing
 30687 | Vaults:2 | 30687 ||| INVOKING Heroism.
 30699 | Vaults:2 | Identified the +7 scale mail of the Swamp {Str+3} (Okawaru
                  | gifted it to you on level 2 of the Vaults)
 30699 | Vaults:2 | Received a gift from Okawaru
 30905 | Vaults:2 | 30905 ||| INVOKING Heroism.
 31044 | Vaults:2 | 31044 ||| Stepping ~*~*~tactically~*~*~ (hiding).
 31055 | Vaults:2 | 31055 ||| Stepping ~*~*~tactically~*~*~ (hiding).
 31235 | Vaults:2 | 31235 ||| Stepping ~*~*~tactically~*~*~ (hiding).
 31305 | Vaults:2 | 31305 ||| INVOKING Heroism.
 31306 | Vaults:2 | 31306 ||| INVOKING Finesse.
 31469 | Vaults:2 | 31469 ||| FLEEEEING.
 31520 | Vaults:2 | 31520 ||| INVOKING Heroism.
 31610 | Vaults:2 | 31610 ||| Stepping ~*~*~tactically~*~*~ (hiding).
 31665 | Vaults:2 | 31665 ||| Stepping ~*~*~tactically~*~*~ (hiding).
 31674 | Vaults:2 | 31674 ||| Stepping ~*~*~tactically~*~*~ (hiding).
 31878 | Vaults:2 | Received a gift from Okawaru
 31879 | Vaults:2 | Reached XP level 21. HP: 138/155 MP: 28/28
 31887 | Vaults:2 | 31887 ||| FLEEEEING.
 31888 | Vaults:2 | 31888 ||| FLEEEEING.
 31889 | Vaults:2 | 31889 ||| FLEEEEING.
 31890 | Vaults:2 | 31890 ||| FLEEEEING.
 31891 | Vaults:2 | 31891 ||| FLEEEEING.
 31892 | Vaults:2 | 31892 ||| FLEEEEING.
 31893 | Vaults:2 | 31893 ||| FLEEEEING.
 31894 | Vaults:2 | 31894 ||| FLEEEEING.
 31895 | Vaults:2 | 31895 ||| FLEEEEING.
 31896 | Vaults:2 | 31896 ||| FLEEEEING.
 31897 | Vaults:2 | 31897 ||| FLEEEEING.
 31898 | Vaults:2 | 31898 ||| FLEEEEING.
 31899 | Vaults:2 | 31899 ||| FLEEEEING.
 31901 | Vaults:2 | 31901 ||| FLEEEEING.
 31902 | Vaults:2 | 31902 ||| FLEEEEING.
 31903 | Vaults:2 | 31903 ||| FLEEEEING.
 31904 | Vaults:2 | 31904 ||| FLEEEEING.
 31905 | Vaults:2 | 31905 ||| FLEEEEING.
 31906 | Vaults:2 | 31906 ||| FLEEEEING.
 31907 | Vaults:2 | 31907 ||| FLEEEEING.
 31908 | Vaults:2 | 31908 ||| FLEEEEING.
 31909 | Vaults:2 | 31909 ||| FLEEEEING.
 31910 | Vaults:2 | 31910 ||| FLEEEEING.
 31911 | Vaults:2 | 31911 ||| FLEEEEING.
 31913 | Vaults:2 | 31913 ||| FLEEEEING.
 31914 | Vaults:2 | 31914 ||| FLEEEEING.
 31915 | Vaults:2 | 31915 ||| FLEEEEING.
 31916 | Vaults:2 | 31916 ||| FLEEEEING.
 31917 | Vaults:2 | 31917 ||| FLEEEEING.
 31918 | Vaults:2 | 31918 ||| FLEEEEING.
 31919 | Vaults:2 | 31919 ||| FLEEEEING.
 31920 | Vaults:2 | 31920 ||| FLEEEEING.
 31921 | Vaults:2 | 31921 ||| FLEEEEING.
 31922 | Vaults:2 | 31922 ||| FLEEEEING.
 31923 | Vaults:2 | 31923 ||| FLEEEEING.
 31924 | Vaults:2 | 31924 ||| FLEEEEING.
 31925 | Vaults:2 | 31925 ||| FLEEEEING.
 31926 | Vaults:2 | 31926 ||| FLEEEEING.
 31927 | Vaults:2 | 31927 ||| FLEEEEING.
 31946 | Vaults:2 | 31946 ||| FLEEEEING.
 31947 | Vaults:2 | 31947 ||| FLEEEEING.
 31948 | Vaults:2 | 31948 ||| FLEEEEING.
 31987 | Vaults:2 | 31987 ||| Invisibility monster not found???
 32044 | Vaults:2 | 32044 ||| DROPPING +2 heavy broad axe.
 32061 | Vaults:2 | 32061 ||| Stepping ~*~*~tactically~*~*~ (stealth).
 32062 | Vaults:2 | 32062 ||| Stepping ~*~*~tactically~*~*~ (stealth).
 32536 | Vaults:3 | 32536 ||| PLANNING BAZAAR
 32549 | Vaults:3 | 32549 ||| Stepping randomly (stuck).
 32550 | Vaults:3 | 32550 ||| Stepping randomly (stuck).
 32551 | Vaults:3 | 32551 ||| Stepping randomly (stuck).
 32552 | Vaults:3 | 32552 ||| Stepping randomly (stuck).
 32553 | Vaults:3 | 32553 ||| Stepping randomly (stuck).
 32554 | Vaults:3 | 32554 ||| Stepping randomly (stuck).
 32555 | Vaults:3 | 32555 ||| Stepping randomly (stuck).
 32556 | Vaults:3 | 32556 ||| Stepping randomly (stuck).
 32557 | Vaults:3 | 32557 ||| Stepping randomly (stuck).
 32558 | Vaults:3 | 32558 ||| Stepping randomly (stuck).
 32559 | Vaults:3 | 32559 ||| Stepping randomly (stuck).
 32560 | Vaults:3 | 32560 ||| Stepping randomly (stuck).
 32561 | Vaults:3 | 32561 ||| Stepping randomly (stuck).
 32562 | Vaults:3 | 32562 ||| Stepping randomly (stuck).
 32563 | Vaults:3 | 32563 ||| Stepping randomly (stuck).
 32564 | Vaults:3 | 32564 ||| Stepping randomly (stuck).
 32565 | Vaults:3 | 32565 ||| Stepping randomly (stuck).
 32566 | Vaults:3 | 32566 ||| Stepping randomly (stuck).
 32567 | Vaults:3 | 32567 ||| Stepping randomly (stuck).
 32568 | Vaults:3 | 32568 ||| Stepping randomly (stuck).
 32569 | Vaults:3 | 32569 ||| Stepping randomly (stuck).
 32570 | Vaults:3 | 32570 ||| Stepping randomly (stuck).
 32571 | Vaults:3 | 32571 ||| Stepping randomly (stuck).
 32572 | Vaults:3 | 32572 ||| Stepping randomly (stuck).
 32573 | Vaults:3 | 32573 ||| Stepping randomly (stuck).
 32574 | Vaults:3 | 32574 ||| Stepping randomly (stuck).
 32575 | Vaults:3 | 32575 ||| Stepping randomly (stuck).
 32576 | Vaults:3 | 32576 ||| Stepping randomly (stuck).
 32577 | Vaults:3 | 32577 ||| Stepping randomly (stuck).
 32578 | Vaults:3 | 32578 ||| Stepping randomly (stuck).
 32579 | Vaults:3 | 32579 ||| Stepping randomly (stuck).
 32580 | Vaults:3 | 32580 ||| Stepping randomly (stuck).
 32581 | Vaults:3 | 32581 ||| Stepping randomly (stuck).
 32582 | Vaults:3 | 32582 ||| Stepping randomly (stuck).
 32583 | Vaults:3 | 32583 ||| Stepping randomly (stuck).
 32584 | Vaults:3 | 32584 ||| Stepping randomly (stuck).
 32585 | Vaults:3 | 32585 ||| Stepping randomly (stuck).
 32586 | Vaults:3 | 32586 ||| Stepping randomly (stuck).
 32587 | Vaults:3 | 32587 ||| Stepping randomly (stuck).
 32588 | Vaults:3 | 32588 ||| Stepping randomly (stuck).
 32589 | Vaults:3 | 32589 ||| Stepping randomly (stuck).
 32590 | Vaults:3 | 32590 ||| Stepping randomly (stuck).
 32591 | Vaults:3 | 32591 ||| Stepping randomly (stuck).
 32592 | Vaults:3 | 32592 ||| Stepping randomly (stuck).
 32593 | Vaults:3 | 32593 ||| Stepping randomly (stuck).
 32594 | Vaults:3 | 32594 ||| Stepping randomly (stuck).
 32595 | Vaults:3 | 32595 ||| Stepping randomly (stuck).
 32596 | Vaults:3 | 32596 ||| Stepping randomly (stuck).
 32597 | Vaults:3 | 32597 ||| Stepping randomly (stuck).
 32598 | Vaults:3 | 32598 ||| Stepping randomly (stuck).
 32599 | Vaults:3 | 32599 ||| Stepping randomly (stuck).
 32600 | Vaults:3 | 32600 ||| READING 6 scrolls of teleportation.
 32603 | Vaults:3 | Noticed Sojobo
 32604 | Vaults:3 | 32604 ||| INVOKING Heroism.
 32605 | Vaults:3 | 32605 ||| INVOKING Finesse.
 32609 | Vaults:3 | Paralysed by an air elemental for 1 turns
 32644 | Vaults:3 | Killed Sojobo
 32645 | Vaults:3 | Reached skill level 19 in Fighting
 32655 | Vaults:3 | 32655 ||| INVOKING Heroism.
 32663 | Vaults:3 | Received a gift from Okawaru
 32739 | Vaults:3 | 32739 ||| INVOKING Heroism.
 32752 | Vaults:3 | 32752 ||| READING 5 scrolls of teleportation.
 32770 | Vaults:3 | Reached skill level 18 in Armour
 32770 | Vaults:3 | 32770 ||| READING 4 scrolls of teleportation.
 32774 | Vaults:3 | 32774 ||| READING 3 scrolls of teleportation.
 32779 | Vaults:3 | 32779 ||| READING 2 scrolls of teleportation.
 32784 | Vaults:3 | 32784 ||| READING scroll of teleportation.
 32807 | Vaults:3 | 32807 ||| Stepping randomly (stuck).
 32808 | Vaults:3 | 32808 ||| Stepping randomly (stuck).
 32809 | Vaults:3 | 32809 ||| Stepping randomly (stuck).
 32810 | Vaults:3 | 32810 ||| Stepping randomly (stuck).
 32811 | Vaults:3 | 32811 ||| Stepping randomly (stuck).
 32812 | Vaults:3 | 32812 ||| Stepping randomly (stuck).
 32813 | Vaults:3 | 32813 ||| Stepping randomly (stuck).
 32814 | Vaults:3 | 32814 ||| Stepping randomly (stuck).
 32815 | Vaults:3 | 32815 ||| Stepping randomly (stuck).
 32816 | Vaults:3 | 32816 ||| Stepping randomly (stuck).
 32817 | Vaults:3 | 32817 ||| Stepping randomly (stuck).
 32818 | Vaults:3 | 32818 ||| Stepping randomly (stuck).
 32819 | Vaults:3 | 32819 ||| Stepping randomly (stuck).
 32820 | Vaults:3 | 32820 ||| Stepping randomly (stuck).
 32821 | Vaults:3 | 32821 ||| Stepping randomly (stuck).
 32822 | Vaults:3 | 32822 ||| Stepping randomly (stuck).
 32823 | Vaults:3 | 32823 ||| Stepping randomly (stuck).
 32824 | Vaults:3 | 32824 ||| Stepping randomly (stuck).
 32825 | Vaults:3 | 32825 ||| Stepping randomly (stuck).
 32826 | Vaults:3 | 32826 ||| Stepping randomly (stuck).
 32827 | Vaults:3 | 32827 ||| Stepping randomly (stuck).
 32828 | Vaults:3 | 32828 ||| Stepping randomly (stuck).
 32829 | Vaults:3 | 32829 ||| Stepping randomly (stuck).
 32830 | Vaults:3 | 32830 ||| Stepping randomly (stuck).
 32831 | Vaults:3 | 32831 ||| Stepping randomly (stuck).
 32832 | Vaults:3 | 32832 ||| Stepping randomly (stuck).
 32833 | Vaults:3 | 32833 ||| Stepping randomly (stuck).
 32834 | Vaults:3 | 32834 ||| Stepping randomly (stuck).
 32835 | Vaults:3 | 32835 ||| Stepping randomly (stuck).
 32836 | Vaults:3 | 32836 ||| Stepping randomly (stuck).
 32837 | Vaults:3 | 32837 ||| Stepping randomly (stuck).
 32838 | Vaults:3 | 32838 ||| Stepping randomly (stuck).
 32839 | Vaults:3 | 32839 ||| Stepping randomly (stuck).
 32840 | Vaults:3 | 32840 ||| Stepping randomly (stuck).
 32841 | Vaults:3 | 32841 ||| Stepping randomly (stuck).
 32842 | Vaults:3 | 32842 ||| Stepping randomly (stuck).
 32843 | Vaults:3 | 32843 ||| Stepping randomly (stuck).
 32844 | Vaults:3 | 32844 ||| Stepping randomly (stuck).
 32845 | Vaults:3 | 32845 ||| Stepping randomly (stuck).
 32846 | Vaults:3 | 32846 ||| Stepping randomly (stuck).
 32847 | Vaults:3 | 32847 ||| Stepping randomly (stuck).
 32848 | Vaults:3 | 32848 ||| Stepping randomly (stuck).
 32849 | Vaults:3 | 32849 ||| Stepping randomly (stuck).
 32850 | Vaults:3 | 32850 ||| Stepping randomly (stuck).
 32851 | Vaults:3 | 32851 ||| Stepping randomly (stuck).
 32852 | Vaults:3 | 32852 ||| Stepping randomly (stuck).
 32853 | Vaults:3 | 32853 ||| Stepping randomly (stuck).
 32854 | Vaults:3 | 32854 ||| Stepping randomly (stuck).
 32855 | Vaults:3 | 32855 ||| Stepping randomly (stuck).
 32856 | Vaults:3 | 32856 ||| Stepping randomly (stuck).
 32857 | Vaults:3 | 32857 ||| Stepping randomly (stuck).
 32858 | Vaults:3 | 32858 ||| Stepping randomly (stuck).
 32859 | Vaults:3 | 32859 ||| Stepping randomly (stuck).
 32860 | Vaults:3 | 32860 ||| Stepping randomly (stuck).
 32861 | Vaults:3 | 32861 ||| Stepping ~*~*~tactically~*~*~ (hiding).
 32861 | Vaults:3 | You are sucked into a shaft and drop 1 floor!
 32967 | Vaults:4 | 32967 ||| Stepping ~*~*~tactically~*~*~ (stealth).
 32968 | Vaults:4 | 32968 ||| INVOKING Heroism.
 33117 | Vaults:4 | Received a gift from Okawaru
 33127 | Vaults:4 | 33127 ||| INVOKING Heroism.
 33172 | Vaults:4 | 33172 ||| Stepping ~*~*~tactically~*~*~ (stealth).
 33232 | Vaults:4 | 33232 ||| INVOKING Heroism.
 33237 | Vaults:4 | Received a gift from Okawaru
 33277 | Vaults:4 | 33277 ||| DROPPING +1 heavy broad axe.
 33300 | Vaults:4 | 33300 ||| INVOKING Heroism.
 33376 | Vaults:4 | 33376 ||| INVOKING Heroism.
 33428 | Vaults:4 | 33428 ||| INVOKING Finesse.
 33447 | Vaults:4 | 33447 ||| Stepping ~*~*~tactically~*~*~ (hiding).
 33461 | Vaults:4 | Reached skill level 20 in Fighting
 33524 | Vaults:4 | 33524 ||| Stepping ~*~*~tactically~*~*~ (stealth).
 33526 | Vaults:4 | 33526 ||| INVOKING Heroism.
 33527 | Vaults:4 | 33527 ||| INVOKING Finesse.
 33667 | Vaults:4 | Noticed a golden dragon
 33668 | Vaults:4 | 33668 ||| INVOKING Heroism.
 33682 | Vaults:4 | Killed a golden dragon
 33829 | Vaults:4 | Identified the +1 scale mail of Exclusion {Rampage Fly
                  | rCorr Str-5}
 33918 | Vaults:4 | Received a gift from Okawaru
 33924 | Vaults:4 | 33924 ||| RIP BAZAAR
 33924 | Vaults:4 | 33924 ||| PLANNING VAULTS:1-4
 33924 | Vaults:4 | 33924 ||| DROPPING +2 plate armour of cold resistance.
 33925 | Vaults:4 | 33925 ||| DROPPING +2 chain mail of fire resistance.
 33926 | Vaults:4 | 33926 ||| DROPPING +3 plate armour of poison resistance.
 33927 | Vaults:4 | 33927 ||| DROPPING +6 ring of intelligence.
 33935 | Vaults:3 | 33935 ||| RIP BAZAAR
 34064 | Vaults:3 | Reached XP level 22. HP: 167/167 MP: 29/29
 34088 | Vaults:3 | Received a gift from Okawaru
 34244 | Vaults:3 | Found a staircase to the Crypt.
 34248 | Vaults:3 | 34248 ||| Stepping ~*~*~tactically~*~*~ (hiding).
 34334 | Vaults:3 | 34334 ||| FLEEEEING.
 34335 | Vaults:3 | 34335 ||| FLEEEEING.
 34336 | Vaults:3 | 34336 ||| FLEEEEING.
 34337 | Vaults:3 | 34337 ||| FLEEEEING.
 34338 | Vaults:3 | 34338 ||| FLEEEEING.
 34339 | Vaults:3 | 34339 ||| FLEEEEING.
 34340 | Vaults:3 | 34340 ||| FLEEEEING.
 34341 | Vaults:3 | 34341 ||| FLEEEEING.
 34342 | Vaults:3 | 34342 ||| FLEEEEING.
 34343 | Vaults:3 | 34343 ||| FLEEEEING.
 34344 | Vaults:3 | 34344 ||| FLEEEEING.
 34345 | Vaults:3 | 34345 ||| FLEEEEING.
 34346 | Vaults:3 | 34346 ||| FLEEEEING.
 34347 | Vaults:3 | 34347 ||| FLEEEEING.
 34348 | Vaults:3 | 34348 ||| FLEEEEING.
 34518 | Vaults:3 | 34518 ||| Stepping ~*~*~tactically~*~*~ (stealth).
 34672 | Vaults:3 | Received a gift from Okawaru
 34684 | Vaults:3 | 34684 ||| DROPPING +2 broad axe of freezing.
 34903 | Vaults:4 | 34903 ||| Stepping ~*~*~tactically~*~*~ (hiding).
 34905 | Vaults:4 | 34905 ||| Stepping ~*~*~tactically~*~*~ (hiding).
 34906 | Vaults:4 | 34906 ||| Stepping ~*~*~tactically~*~*~ (hiding).
 35104 | Vaults:4 | 35104 ||| Stepping ~*~*~tactically~*~*~ (hiding).
 35112 | Vaults:4 | Reached skill level 6 in Dodging
 35143 | Vaults:4 | 35143 ||| Stepping ~*~*~tactically~*~*~ (hiding).
 35183 | Vaults:4 | 35183 ||| Stepping ~*~*~tactically~*~*~ (hiding).
 35212 | Vaults:4 | Reached skill level 21 in Shields
 35258 | Vaults:4 | 35258 ||| READING scroll of enchant armour.
 35258 | Vaults:4 | 35258 ||| ENCHANTING +2 plate armour of willpower.
 35301 | Vaults:4 | 35301 ||| Stepping ~*~*~tactically~*~*~ (hiding).
 35486 | Vaults:4 | 35486 ||| Stepping ~*~*~tactically~*~*~ (hiding).
 35488 | Vaults:4 | 35488 ||| Stepping ~*~*~tactically~*~*~ (hiding).
 35559 | Vaults:4 | 35559 ||| Stepping ~*~*~tactically~*~*~ (hiding).
 35656 | Vaults:4 | 35656 ||| PLANNING SNAKE:4
 36039 | Snake:4  | Entered Level 4 of the Snake Pit
 36044 | Snake:4  | Received a gift from Okawaru
 36296 | Snake:4  | Received a gift from Okawaru
 36356 | Snake:4  | 36356 ||| Stepping ~*~*~tactically~*~*~ (hiding).
 36358 | Snake:4  | 36358 ||| FLEEEEING.
 36359 | Snake:4  | 36359 ||| FLEEEEING.
 36360 | Snake:4  | 36360 ||| FLEEEEING.
 36361 | Snake:4  | 36361 ||| FLEEEEING.
 36362 | Snake:4  | 36362 ||| FLEEEEING.
 36363 | Snake:4  | 36363 ||| FLEEEEING.
 36364 | Snake:4  | 36364 ||| FLEEEEING.
 36365 | Snake:4  | 36365 ||| FLEEEEING.
 36366 | Snake:4  | 36366 ||| FLEEEEING.
 36385 | Snake:4  | 36385 ||| Stepping ~*~*~tactically~*~*~ (hiding).
 36550 | Snake:4  | Received a gift from Okawaru
 36570 | Snake:4  | Reached skill level 21 in Fighting
 36629 | Snake:4  | Received a gift from Okawaru
 36658 | Snake:4  | 36658 ||| Stepping ~*~*~tactically~*~*~ (hiding).
 36665 | Snake:4  | 36665 ||| Stepping ~*~*~tactically~*~*~ (hiding).
 36669 | Snake:4  | 36669 ||| Stepping ~*~*~tactically~*~*~ (hiding).
 36671 | Snake:4  | 36671 ||| Stepping ~*~*~tactically~*~*~ (hiding).
 36740 | Snake:4  | 36740 ||| Stepping ~*~*~tactically~*~*~ (hiding).
 36808 | Snake:4  | Reached ****** piety under Okawaru
 36825 | Snake:4  | Received a gift from Okawaru
 37112 | Snake:4  | 37112 ||| Stepping ~*~*~tactically~*~*~ (hiding).
 37113 | Snake:4  | 37113 ||| Stepping ~*~*~tactically~*~*~ (hiding).
 37115 | Snake:4  | 37115 ||| Stepping ~*~*~tactically~*~*~ (hiding).
 37247 | Snake:4  | Received a gift from Okawaru
 37259 | Snake:4  | 37259 ||| Stepping ~*~*~tactically~*~*~ (hiding).
 37261 | Snake:4  | 37261 ||| Stepping ~*~*~tactically~*~*~ (hiding).
 37301 | Snake:4  | 37301 ||| Stepping ~*~*~tactically~*~*~ (stealth).
 37302 | Snake:4  | 37302 ||| Stepping ~*~*~tactically~*~*~ (stealth).
 37446 | Snake:4  | Received a gift from Okawaru
 37447 | Snake:4  | Reached skill level 12 in Throwing
 37464 | Snake:4  | Got a serpentine rune of Zot
 37556 | Snake:4  | 37556 ||| PLANNING DEPTHS
 37556 | Snake:4  | 37556 ||| UPGRADING to +1 tower shield of protection.
 37566 | Snake:4  | 37566 ||| DROPPING +0 tower shield.
 37845 | Depths:1 | Entered Level 1 of the Depths
 37862 | Depths:1 | 37862 ||| INVOKING Heroism.
 38026 | Depths:1 | 38026 ||| INVOKING Heroism.
 38027 | Depths:1 | 38027 ||| INVOKING Finesse.
 38034 | Depths:1 | Received a gift from Okawaru
 38037 | Depths:1 | 38037 ||| Stepping ~*~*~tactically~*~*~ (hiding).
 38038 | Depths:1 | 38038 ||| Stepping ~*~*~tactically~*~*~ (hiding).
 38137 | Depths:1 | Paralysed by a Zot trap for 5 turns
 38191 | Depths:1 | 38191 ||| INVOKING Heroism.
 38192 | Depths:1 | 38192 ||| INVOKING Finesse.
 38276 | Depths:1 | Paralysed by a floating eye for 4 turns
 38281 | Depths:1 | 38281 ||| INVOKING Heroism.
 38282 | Depths:1 | 38282 ||| INVOKING Finesse.
 38289 | Depths:1 | Reached XP level 23. HP: 176/176 MP: 22/30
 38405 | Depths:1 | Found a gateway to Hell.
 38416 | Depths:1 | 38416 ||| INVOKING Heroism.
 38429 | Depths:1 | HP: 28/176 [reaper/+4 heavy scythe (24)]
 38430 | Depths:1 | 38430 ||| READING 2 scrolls of teleportation.
 38431 | Depths:1 | 38431 ||| DRINKING 6 potions of heal wounds.
 38586 | Depths:1 | 38586 ||| INVOKING Heroism.
 38668 | Depths:1 | 38668 ||| READING scroll of enchant weapon.
 38668 | Depths:1 | 38668 ||| ENCHANTING +5 broad axe of flaming.
 38744 | Depths:1 | Found a one-way gate to the infinite horrors of the Abyss.
 38910 | Depths:1 | Found a broken altar of Ashenzari.
 39011 | Depths:1 | Found a sparkling altar of Nemelex Xobeh.
 39055 | Depths:1 | 39055 ||| Stepping ~*~*~tactically~*~*~ (hiding).
 39086 | Depths:1 | 39086 ||| Stepping ~*~*~tactically~*~*~ (hiding).
 39109 | Depths:1 | 39109 ||| Stepping ~*~*~tactically~*~*~ (hiding).
 39220 | Depths:2 | Received a gift from Okawaru
 39261 | Depths:2 | 39261 ||| Stepping ~*~*~tactically~*~*~ (hiding).
 39264 | Depths:2 | 39264 ||| DRINKING 17 potions of curing.
 39264 | Depths:2 | 39264 ||| (to cure confusion)
 39266 | Depths:2 | 39266 ||| INVOKING Heroism.
 39267 | Depths:2 | 39267 ||| INVOKING Finesse.
 39279 | Depths:2 | Noticed Asterion
 39299 | Depths:2 | Killed Asterion
 39367 | Depths:2 | 39367 ||| INVOKING Finesse.
 39373 | Depths:2 | Received a gift from Okawaru
 39456 | Depths:2 | 39456 ||| Stepping ~*~*~tactically~*~*~ (hiding).
 39457 | Depths:2 | 39457 ||| Stepping ~*~*~tactically~*~*~ (hiding).
 39463 | Depths:2 | Reached skill level 22 in Fighting
 39556 | Depths:2 | 39556 ||| Stepping ~*~*~tactically~*~*~ (stealth).
 39557 | Depths:2 | 39557 ||| Stepping ~*~*~tactically~*~*~ (stealth).
 39558 | Depths:2 | 39558 ||| Stepping ~*~*~tactically~*~*~ (stealth).
 39559 | Depths:2 | 39559 ||| Stepping ~*~*~tactically~*~*~ (stealth).
 39560 | Depths:2 | 39560 ||| Stepping ~*~*~tactically~*~*~ (stealth).
 39565 | Depths:2 | 39565 ||| INVOKING Heroism.
 39572 | Depths:2 | Found a one-way gate leading to the halls of Pandemonium.
 39589 | Depths:2 | Identified the +11 broad axe of Hugamo {chaos, rElec Str+2}
                  | (Okawaru gifted it to you on level 2 of the Depths)
 39589 | Depths:2 | Received a gift from Okawaru
 39591 | Depths:2 | 39591 ||| UPGRADING to +11 broad axe of Hugamo {chaos,
                  | rElec Str+2}.
 39621 | Depths:2 | 39621 ||| Stepping ~*~*~tactically~*~*~ (hiding).
 39629 | Depths:2 | 39629 ||| Stepping ~*~*~tactically~*~*~ (hiding).
 39702 | Depths:2 | 39702 ||| Stepping ~*~*~tactically~*~*~ (stealth).
 39704 | Depths:2 | 39704 ||| INVOKING Heroism.
 39705 | Depths:2 | 39705 ||| INVOKING Finesse.
 39712 | Depths:2 | 39712 ||| Stepping ~*~*~tactically~*~*~ (stealth).
 39714 | Depths:2 | 39714 ||| Stepping ~*~*~tactically~*~*~ (stealth).
 39715 | Depths:2 | 39715 ||| Stepping ~*~*~tactically~*~*~ (stealth).
 39746 | Depths:2 | 39746 ||| Stepping ~*~*~tactically~*~*~ (hiding).
 39749 | Depths:2 | 39749 ||| Stepping ~*~*~tactically~*~*~ (hiding).
 39750 | Depths:2 | 39750 ||| Stepping ~*~*~tactically~*~*~ (hiding).
 39751 | Depths:2 | 39751 ||| Stepping ~*~*~tactically~*~*~ (hiding).
 39755 | Depths:2 | 39755 ||| Stepping ~*~*~tactically~*~*~ (hiding).
 39756 | Depths:2 | 39756 ||| Stepping ~*~*~tactically~*~*~ (hiding).
 39757 | Depths:2 | 39757 ||| Stepping ~*~*~tactically~*~*~ (hiding).
 39758 | Depths:2 | 39758 ||| Stepping ~*~*~tactically~*~*~ (hiding).
 39779 | Depths:2 | 39779 ||| Stepping ~*~*~tactically~*~*~ (hiding).
 39799 | Depths:2 | 39799 ||| INVOKING Heroism.
 39801 | Depths:2 | 39801 ||| INVOKING Finesse.
 39836 | Depths:2 | Identified the +3 trident of Wyrd {drain, rElec}
 39837 | Depths:2 | 39837 ||| Stepping ~*~*~tactically~*~*~ (stealth).
 39857 | Depths:2 | 39857 ||| Stepping ~*~*~tactically~*~*~ (hiding).
 39860 | Depths:2 | 39860 ||| INVOKING Heroism.
 39887 | Depths:2 | Paralysed by a floating eye for 2 turns
 40002 | Depths:2 | 40002 ||| DROPPING +2 pair of boots.
 40005 | Depths:2 | 40005 ||| Stepping ~*~*~tactically~*~*~ (hiding).
 40015 | Depths:2 | Noticed Saint Roka
 40030 | Depths:2 | Killed Saint Roka
 40030 | Depths:2 | Received a gift from Okawaru
 40102 | Depths:2 | 40102 ||| INVOKING Heroism.
 40129 | Depths:2 | 40129 ||| Stepping ~*~*~tactically~*~*~ (hiding).
 40133 | Depths:2 | 40133 ||| Stepping ~*~*~tactically~*~*~ (hiding).
 40183 | Depths:2 | 40183 ||| Stepping ~*~*~tactically~*~*~ (stealth).
 40185 | Depths:2 | 40185 ||| Stepping ~*~*~tactically~*~*~ (hiding).
 40186 | Depths:2 | 40186 ||| Stepping ~*~*~tactically~*~*~ (hiding).
 40189 | Depths:2 | 40189 ||| INVOKING Heroism.
 40271 | Depths:2 | Noticed a caustic shrike
 40272 | Depths:2 | 40272 ||| INVOKING Heroism.
 40279 | Depths:2 | Received a gift from Okawaru
 40286 | Depths:2 | Killed a caustic shrike
 40290 | Depths:2 | Killed a caustic shrike
 40481 | Depths:2 | 40481 ||| Stepping ~*~*~tactically~*~*~ (hiding).
 40734 | Depths:2 | Found Duxapp's Jewellery Shop.
 40738 | Depths:2 | 40738 ||| INVOKING Heroism.
 40744 | Depths:2 | 40744 ||| Stepping ~*~*~tactically~*~*~ (hiding).
 40764 | Depths:2 | Found Muvoiwk's Book Shoppe.
 40764 | Depths:2 | Found Segainyipn's Book Shoppe.
 40829 | Depths:2 | 40829 ||| INVOKING Heroism.
 40880 | Depths:3 | 40880 ||| Stepping ~*~*~tactically~*~*~ (hiding).
 41059 | Depths:3 | 41059 ||| Stepping ~*~*~tactically~*~*~ (stealth).
 41060 | Depths:3 | Received a gift from Okawaru
 41079 | Depths:3 | 41079 ||| FLEEEEING.
 41080 | Depths:3 | 41080 ||| STAIRDANCE
 41107 | Depths:3 | 41107 ||| INVOKING Heroism.
 41167 | Depths:2 | 41167 ||| Stepping randomly (stuck).
 41239 | Depths:3 | Received a gift from Okawaru
 41245 | Depths:3 | 41245 ||| INVOKING Heroism.
 41255 | Depths:3 | Reached skill level 21 in Armour
 41255 | Depths:3 | Reached XP level 24. HP: 184/184 MP: 29/30
 41279 | Depths:3 | 41279 ||| Stepping ~*~*~tactically~*~*~ (hiding).
 41297 | Depths:3 | 41297 ||| Stepping ~*~*~tactically~*~*~ (stealth).
 41303 | Depths:3 | 41303 ||| Stepping ~*~*~tactically~*~*~ (hiding).
 41310 | Depths:3 | Received a gift from Okawaru
 41376 | Depths:3 | 41376 ||| Stepping ~*~*~tactically~*~*~ (hiding).
 41380 | Depths:3 | 41380 ||| Stepping ~*~*~tactically~*~*~ (hiding).
 41382 | Depths:3 | 41382 ||| Stepping ~*~*~tactically~*~*~ (hiding).
 41648 | Depths:3 | 41648 ||| Stepping ~*~*~tactically~*~*~ (hiding).
 41933 | Depths:4 | Entered Level 4 of the Depths
 41936 | Depths:4 | 41936 ||| Stepping ~*~*~tactically~*~*~ (hiding).
 41959 | Depths:4 | 41959 ||| INVOKING Heroism.
 41994 | Depths:4 | 41994 ||| Stepping ~*~*~tactically~*~*~ (hiding).
 41995 | Depths:4 | 41995 ||| Stepping ~*~*~tactically~*~*~ (hiding).
 41996 | Depths:4 | 41996 ||| Stepping ~*~*~tactically~*~*~ (hiding).
 41997 | Depths:4 | 41997 ||| Stepping ~*~*~tactically~*~*~ (hiding).
 41998 | Depths:4 | 41998 ||| Stepping ~*~*~tactically~*~*~ (hiding).
 42059 | Depths:4 | 42059 ||| Stepping ~*~*~tactically~*~*~ (stealth).
 42067 | Depths:4 | 42067 ||| INVOKING Heroism.
 42084 | Depths:4 | Received a gift from Okawaru
 42099 | Depths:4 | 42099 ||| Stepping ~*~*~tactically~*~*~ (hiding).
 42154 | Depths:4 | 42154 ||| Stepping ~*~*~tactically~*~*~ (hiding).
 42201 | Depths:4 | Found a basalt altar of Yredelemnul.
 42241 | Depths:4 | Found a one-way gateway to a ziggurat.
 42423 | Depths:4 | Found a gate to the Realm of Zot.
 42453 | Depths:4 | 42453 ||| Stepping ~*~*~tactically~*~*~ (stealth).
 42454 | Depths:4 | 42454 ||| Stepping ~*~*~tactically~*~*~ (stealth).
 42456 | Depths:4 | 42456 ||| Stepping ~*~*~tactically~*~*~ (hiding).
 42457 | Depths:4 | 42457 ||| Stepping ~*~*~tactically~*~*~ (hiding).
 42458 | Depths:4 | 42458 ||| Stepping ~*~*~tactically~*~*~ (hiding).
 42459 | Depths:4 | 42459 ||| Stepping ~*~*~tactically~*~*~ (hiding).
 42764 | Depths:4 | 42764 ||| PLANNING VAULTS:5
 43037 | Vaults:5 | Entered Level 5 of the Vaults
 43043 | Vaults:5 | 43043 ||| STAIRDANCE
 43047 | Vaults:4 | Reached skill level 23 in Fighting
 43081 | Vaults:5 | 43081 ||| STAIRDANCE
 43085 | Vaults:4 | Received a gift from Okawaru
 43123 | Vaults:5 | 43123 ||| STAIRDANCE
 43125 | Vaults:4 | 43125 ||| INVOKING Heroism.
 43184 | Vaults:5 | Noticed Xtahua
 43190 | Vaults:5 | 43190 ||| INVOKING Heroism.
 43192 | Vaults:5 | Received a gift from Okawaru
 43202 | Vaults:5 | Killed Xtahua
 43266 | Vaults:5 | 43266 ||| INVOKING Heroism.
 43302 | Vaults:5 | 43302 ||| Stepping ~*~*~tactically~*~*~ (hiding).
 43335 | Vaults:5 | 43335 ||| Stepping ~*~*~tactically~*~*~ (stealth).
 43336 | Vaults:5 | 43336 ||| Stepping ~*~*~tactically~*~*~ (stealth).
 43338 | Vaults:5 | 43338 ||| Stepping ~*~*~tactically~*~*~ (hiding).
 43340 | Vaults:5 | 43340 ||| INVOKING Heroism.
 43369 | Vaults:5 | 43369 ||| Stepping ~*~*~tactically~*~*~ (hiding).
 43370 | Vaults:5 | 43370 ||| Stepping ~*~*~tactically~*~*~ (hiding).
 43371 | Vaults:5 | 43371 ||| Stepping ~*~*~tactically~*~*~ (hiding).
 43372 | Vaults:5 | 43372 ||| Stepping ~*~*~tactically~*~*~ (hiding).
 43374 | Vaults:5 | 43374 ||| INVOKING Heroism.
 43404 | Vaults:5 | 43404 ||| Stepping ~*~*~tactically~*~*~ (hiding).
 43422 | Vaults:5 | 43422 ||| Stepping ~*~*~tactically~*~*~ (hiding).
 43423 | Vaults:5 | 43423 ||| Stepping ~*~*~tactically~*~*~ (hiding).
 43424 | Vaults:5 | 43424 ||| Stepping ~*~*~tactically~*~*~ (hiding).
 43426 | Vaults:5 | 43426 ||| Stepping ~*~*~tactically~*~*~ (hiding).
 43427 | Vaults:5 | 43427 ||| Stepping ~*~*~tactically~*~*~ (hiding).
 43429 | Vaults:5 | 43429 ||| Stepping ~*~*~tactically~*~*~ (hiding).
 43430 | Vaults:5 | 43430 ||| Stepping ~*~*~tactically~*~*~ (hiding).
 43431 | Vaults:5 | 43431 ||| Stepping ~*~*~tactically~*~*~ (hiding).
 43451 | Vaults:5 | 43451 ||| Stepping ~*~*~tactically~*~*~ (hiding).
 43452 | Vaults:5 | 43452 ||| Stepping ~*~*~tactically~*~*~ (hiding).
 43454 | Vaults:5 | 43454 ||| Stepping ~*~*~tactically~*~*~ (hiding).
 43456 | Vaults:5 | 43456 ||| Stepping ~*~*~tactically~*~*~ (hiding).
 43491 | Vaults:5 | 43491 ||| Stepping ~*~*~tactically~*~*~ (stealth).
 43500 | Vaults:5 | 43500 ||| DRINKING 3 potions of resistance.
 43501 | Vaults:5 | 43501 ||| INVOKING Heroism.
 43502 | Vaults:5 | 43502 ||| INVOKING Finesse.
 43521 | Vaults:5 | 43521 ||| Stepping ~*~*~tactically~*~*~ (stealth).
 43582 | Vaults:5 | 43582 ||| Stepping ~*~*~tactically~*~*~ (stealth).
 43584 | Vaults:5 | 43584 ||| Stepping ~*~*~tactically~*~*~ (stealth).
 43605 | Vaults:5 | 43605 ||| Stepping ~*~*~tactically~*~*~ (stealth).
 43620 | Vaults:5 | 43620 ||| Stepping ~*~*~tactically~*~*~ (hiding).
 43621 | Vaults:5 | 43621 ||| Stepping ~*~*~tactically~*~*~ (hiding).
 43623 | Vaults:5 | 43623 ||| Stepping ~*~*~tactically~*~*~ (hiding).
 43624 | Vaults:5 | 43624 ||| Stepping ~*~*~tactically~*~*~ (hiding).
 43640 | Vaults:5 | 43640 ||| Stepping ~*~*~tactically~*~*~ (stealth).
 43645 | Vaults:5 | 43645 ||| Stepping ~*~*~tactically~*~*~ (stealth).
 43646 | Vaults:5 | 43646 ||| Stepping ~*~*~tactically~*~*~ (stealth).
 43647 | Vaults:5 | 43647 ||| Stepping ~*~*~tactically~*~*~ (stealth).
 43657 | Vaults:5 | 43657 ||| Stepping ~*~*~tactically~*~*~ (stealth).
 43659 | Vaults:5 | 43659 ||| Stepping ~*~*~tactically~*~*~ (stealth).
 43660 | Vaults:5 | 43660 ||| Stepping ~*~*~tactically~*~*~ (stealth).
 43661 | Vaults:5 | 43661 ||| Stepping ~*~*~tactically~*~*~ (stealth).
 43663 | Vaults:5 | 43663 ||| Stepping ~*~*~tactically~*~*~ (hiding).
 43664 | Vaults:5 | 43664 ||| Stepping ~*~*~tactically~*~*~ (hiding).
 43665 | Vaults:5 | 43665 ||| Stepping ~*~*~tactically~*~*~ (hiding).
 43676 | Vaults:5 | 43676 ||| Stepping ~*~*~tactically~*~*~ (stealth).
 43708 | Vaults:5 | 43708 ||| Stepping ~*~*~tactically~*~*~ (hiding).
 43709 | Vaults:5 | 43709 ||| Stepping ~*~*~tactically~*~*~ (hiding).
 43776 | Vaults:5 | 43776 ||| Stepping ~*~*~tactically~*~*~ (stealth).
 43785 | Vaults:5 | 43785 ||| Stepping ~*~*~tactically~*~*~ (stealth).
 43826 | Vaults:5 | 43826 ||| Stepping ~*~*~tactically~*~*~ (stealth).
 43832 | Vaults:5 | 43832 ||| Stepping ~*~*~tactically~*~*~ (stealth).
 43834 | Vaults:5 | 43834 ||| Stepping ~*~*~tactically~*~*~ (stealth).
 43876 | Vaults:5 | 43876 ||| INVOKING Heroism.
 43927 | Vaults:5 | Reached skill level 24 in Fighting
 43940 | Vaults:5 | 43940 ||| INVOKING Heroism.
 43951 | Vaults:5 | Received a gift from Okawaru
 43959 | Vaults:5 | Reached XP level 25. HP: 195/195 MP: 30/30
 44006 | Vaults:5 | Found Zaxud's Jewellery Shop.
 44021 | Vaults:5 | 44021 ||| BUYING ring of ice (450 gold).
 44021 | Vaults:5 | Bought a ring of ice for 450 gold pieces
 44021 | Vaults:5 | 44021 ||| BUYING ring of protection from cold (450 gold).
 44021 | Vaults:5 | Bought a ring of protection from cold for 450 gold pieces
 44021 | Vaults:5 | 44021 ||| BUYING ring of protection from cold (450 gold).
 44021 | Vaults:5 | Bought a ring of protection from cold for 450 gold pieces
 44021 | Vaults:5 | 44021 ||| BUYING ring of resist corrosion (360 gold).
 44021 | Vaults:5 | Bought a ring of resist corrosion for 360 gold pieces
 44022 | Vaults:5 | 44022 ||| Stepping ~*~*~tactically~*~*~ (hiding).
 44038 | Vaults:5 | 44038 ||| READING scroll of enchant armour.
 44038 | Vaults:5 | 44038 ||| ENCHANTING +3 plate armour of willpower.
 44053 | Vaults:5 | Identified the +0 fire dragon scales of the Miller {rElec
                  | rF++ rC- Will+ SInv}
 44155 | Vaults:5 | 44155 ||| INVOKING Heroism.
 44284 | Vaults:5 | 44284 ||| Stepping ~*~*~tactically~*~*~ (stealth).
 44296 | Vaults:5 | 44296 ||| INVOKING Heroism.
 44313 | Vaults:5 | Received a gift from Okawaru
 44388 | Vaults:5 | 44388 ||| Stepping ~*~*~tactically~*~*~ (stealth).
 44405 | Vaults:5 | 44405 ||| Stepping ~*~*~tactically~*~*~ (hiding).
 44406 | Vaults:5 | 44406 ||| Stepping ~*~*~tactically~*~*~ (hiding).
 44407 | Vaults:5 | 44407 ||| Stepping ~*~*~tactically~*~*~ (hiding).
 44450 | Vaults:5 | 44450 ||| Stepping ~*~*~tactically~*~*~ (hiding).
 44519 | Vaults:5 | 44519 ||| Stepping ~*~*~tactically~*~*~ (hiding).
 44525 | Vaults:5 | 44525 ||| INVOKING Heroism.
 44530 | Vaults:5 | Received a gift from Okawaru
 44539 | Vaults:5 | Identified the +1 orcbow of Bohain {drain, rCorr Str+5
                  | Dex-3}
 44562 | Vaults:5 | Got a silver rune of Zot
 44568 | Vaults:5 | 44568 ||| Stepping ~*~*~tactically~*~*~ (stealth).
 44710 | Vaults:5 | 44710 ||| Stepping ~*~*~tactically~*~*~ (stealth).
 44711 | Vaults:5 | 44711 ||| Stepping ~*~*~tactically~*~*~ (stealth).
 44769 | Vaults:5 | 44769 ||| Stepping ~*~*~tactically~*~*~ (hiding).
 44771 | Vaults:5 | 44771 ||| Stepping ~*~*~tactically~*~*~ (hiding).
 44890 | Vaults:5 | 44890 ||| DROPPING +4 plate armour of poison resistance.
 44891 | Vaults:5 | 44891 ||| PLANNING SHOPPING SPREE
 44891 | Vaults:5 | 44891 ||| DROPPING +3 plate armour.
 44892 | Vaults:5 | 44892 ||| DROPPING +1 pair of gloves of infusion.
 44893 | Vaults:5 | 44893 ||| DROPPING ring of ice.
 44894 | Vaults:5 | 44894 ||| DROPPING ring of fire.
 44895 | Vaults:5 | 44895 ||| DROPPING ring of ice.
 45174 | Orc:1    | 45174 ||| BUYING scroll of brand weapon (114 gold).
 45174 | Orc:1    | Bought a scroll of brand weapon for 114 gold pieces
 45174 | Orc:1    | 45174 ||| BUYING scroll of enchant weapon (90 gold).
 45174 | Orc:1    | Bought a scroll of enchant weapon for 90 gold pieces
 45335 | D:15     | 45335 ||| BUYING wooden ring (190 gold).
 45335 | D:15     | Bought a wooden ring for 190 gold pieces
 45335 | D:15     | 45335 ||| DROPPING +6 ring of dexterity.
 45790 | Snake:3  | 45790 ||| BUYING glowing plate armour (936 gold).
 45790 | Snake:3  | Bought a glowing plate armour for 936 gold pieces
 45790 | Snake:3  | 45790 ||| DROPPING +1 plate armour of fire resistance.
 45791 | Snake:3  | 45791 ||| CLEARING SHOPPING LIST
 45791 | Snake:3  | 45791 ||| PLANNING ZOT:1-4
 46126 | Zot:1    | Entered Level 1 of the Realm of Zot
 46149 | Zot:1    | 46149 ||| Stepping ~*~*~tactically~*~*~ (stealth).
 46151 | Zot:1    | 46151 ||| Stepping ~*~*~tactically~*~*~ (hiding).
 46155 | Zot:1    | 46155 ||| Stepping ~*~*~tactically~*~*~ (stealth).
 46169 | Zot:1    | 46169 ||| Stepping ~*~*~tactically~*~*~ (hiding).
 46171 | Zot:1    | 46171 ||| Stepping ~*~*~tactically~*~*~ (hiding).
 46284 | Zot:1    | 46284 ||| Stepping ~*~*~tactically~*~*~ (hiding).
 46305 | Zot:1    | 46305 ||| INVOKING Heroism.
 46308 | Zot:1    | Received a gift from Okawaru
 46403 | Zot:1    | 46403 ||| Stepping ~*~*~tactically~*~*~ (stealth).
 46412 | Zot:1    | 46412 ||| Stepping ~*~*~tactically~*~*~ (stealth).
 46428 | Zot:1    | 46428 ||| Stepping ~*~*~tactically~*~*~ (hiding).
 46437 | Zot:1    | Noticed a Killer Klown
 46438 | Zot:1    | 46438 ||| INVOKING Heroism.
 46439 | Zot:1    | 46439 ||| INVOKING Finesse.
 46454 | Zot:1    | 46454 ||| Stepping ~*~*~tactically~*~*~ (hiding).
 46458 | Zot:1    | Killed a Killer Klown
 46503 | Zot:1    | Reached skill level 25 in Fighting
 46532 | Zot:1    | Noticed a Killer Klown
 46532 | Zot:1    | Noticed a Killer Klown
 46533 | Zot:1    | 46533 ||| INVOKING Heroism.
 46535 | Zot:1    | 46535 ||| Stepping ~*~*~tactically~*~*~ (hiding).
 46537 | Zot:1    | 46537 ||| INVOKING Finesse.
 46551 | Zot:1    | Killed a Killer Klown
 46565 | Zot:1    | Killed a Killer Klown
 46590 | Zot:1    | 46590 ||| Stepping ~*~*~tactically~*~*~ (stealth).
 46591 | Zot:1    | 46591 ||| Stepping ~*~*~tactically~*~*~ (stealth).
 46593 | Zot:1    | 46593 ||| Stepping ~*~*~tactically~*~*~ (hiding).
 46617 | Zot:1    | Found a glowing silver altar of Zin.
 46617 | Zot:1    | Found a shimmering altar of Xom.
 46619 | Zot:1    | Found a shimmering altar of Xom.
 46673 | Zot:1    | 46673 ||| Stepping ~*~*~tactically~*~*~ (stealth).
 46675 | Zot:1    | 46675 ||| Stepping ~*~*~tactically~*~*~ (hiding).
 46676 | Zot:1    | 46676 ||| INVOKING Heroism.
 46787 | Zot:1    | 46787 ||| Stepping ~*~*~tactically~*~*~ (hiding).
 46788 | Zot:1    | 46788 ||| Stepping ~*~*~tactically~*~*~ (hiding).
 46806 | Zot:1    | 46806 ||| INVOKING Heroism.
 46848 | Zot:1    | 46848 ||| INVOKING Heroism.
 46881 | Zot:1    | 46881 ||| Stepping ~*~*~tactically~*~*~ (hiding).
 46882 | Zot:1    | 46882 ||| Stepping ~*~*~tactically~*~*~ (hiding).
 46899 | Zot:1    | 46899 ||| INVOKING Heroism.
 47042 | Zot:1    | 47042 ||| Stepping ~*~*~tactically~*~*~ (stealth).
 47043 | Zot:1    | 47043 ||| Stepping ~*~*~tactically~*~*~ (stealth).
 47141 | Zot:1    | 47141 ||| Stepping ~*~*~tactically~*~*~ (hiding).
 47143 | Zot:1    | 47143 ||| INVOKING Heroism.
 47250 | Zot:1    | 47250 ||| Stepping ~*~*~tactically~*~*~ (stealth).
 47310 | Zot:1    | Found a shimmering altar of Xom.
 47373 | Zot:1    | 47373 ||| DROPPING +0 pair of boots of stealth.
 47374 | Zot:1    | 47374 ||| DROPPING +1 cloak.
 47375 | Zot:1    | 47375 ||| DROPPING +0 cloak.
 47429 | Zot:2    | 47429 ||| STAIRDANCE
 47543 | Zot:2    | 47543 ||| Stepping ~*~*~tactically~*~*~ (hiding).
 47544 | Zot:2    | 47544 ||| Stepping ~*~*~tactically~*~*~ (hiding).
 47555 | Zot:2    | 47555 ||| INVOKING Heroism.
 47598 | Zot:2    | Received a gift from Okawaru
 47699 | Zot:2    | 47699 ||| Stepping ~*~*~tactically~*~*~ (hiding).
 47701 | Zot:2    | 47701 ||| Stepping ~*~*~tactically~*~*~ (hiding).
 47704 | Zot:2    | 47704 ||| INVOKING Heroism.
 47714 | Zot:2    | Reached skill level 15 in Throwing
 47826 | Zot:2    | 47826 ||| INVOKING Heroism.
 47830 | Zot:2    | Reached XP level 26. HP: 186/205 MP: 28/30
 47839 | Zot:2    | Reached skill level 26 in Fighting
 47851 | Zot:2    | Received a gift from Okawaru
 47866 | Zot:2    | 47866 ||| INVOKING Heroism.
 47886 | Zot:2    | 47886 ||| Stepping ~*~*~tactically~*~*~ (hiding).
 47887 | Zot:2    | 47887 ||| Stepping ~*~*~tactically~*~*~ (hiding).
 47888 | Zot:2    | 47888 ||| Stepping ~*~*~tactically~*~*~ (hiding).
 47897 | Zot:2    | Reached skill level 9 in Dodging
 48115 | Zot:2    | 48115 ||| Stepping randomly (stuck).
 48147 | Zot:3    | 48147 ||| INVOKING Heroism.
 48156 | Zot:3    | 48156 ||| Stepping ~*~*~tactically~*~*~ (stealth).
 48170 | Zot:3    | 48170 ||| INVOKING Heroism.
 48271 | Zot:3    | 48271 ||| INVOKING Heroism.
 48302 | Zot:3    | 48302 ||| Stepping ~*~*~tactically~*~*~ (hiding).
 48316 | Zot:3    | Received a gift from Okawaru
 48345 | Zot:3    | Noticed an orb of fire
 48346 | Zot:3    | 48346 ||| DRINKING 2 potions of resistance.
 48347 | Zot:3    | 48347 ||| INVOKING Heroism.
 48348 | Zot:3    | Noticed a shard shrike
 48352 | Zot:3    | Gained mutation: You are very vulnerable to cold. (rC--)
                  | [an orb of fire]
 48362 | Zot:3    | Killed a shard shrike
 48365 | Zot:3    | Lost mutation: Your natural rate of healing is unusually
                  | fast. [an orb of fire]
 48366 | Zot:3    | 48366 ||| INVOKING Heroism.
 48372 | Zot:3    | Lost mutation: You are robust. (+10% HP) [an orb of fire]
 48377 | Zot:3    | Gained mutation: You are weak. (Str -2) [an orb of fire]
 48386 | Zot:3    | Killed an orb of fire
 48432 | Zot:3    | 48432 ||| DRINKING 14 potions of mutation.
 48432 | Zot:3    | Lost mutation: Your body sometimes deteriorates upon taking
                  | damage. [potion of mutation]
 48432 | Zot:3    | Lost mutation: You are weak. (Str -2) [potion of mutation]
 48432 | Zot:3    | Lost mutation: You are very vulnerable to cold. (rC--)
                  | [potion of mutation]
 48432 | Zot:3    | Gained mutation: Your magical capacity is low. (-10% MP)
                  | [potion of mutation]
 48432 | Zot:3    | Gained mutation: Your magical capacity is very low. (-20%
                  | MP) [potion of mutation]
 48538 | Zot:3    | 48538 ||| INVOKING Heroism.
 48618 | Zot:3    | 48618 ||| Stepping ~*~*~tactically~*~*~ (hiding).
 48620 | Zot:3    | 48620 ||| Stepping ~*~*~tactically~*~*~ (hiding).
 48686 | Zot:3    | 48686 ||| Stepping ~*~*~tactically~*~*~ (hiding).
 48699 | Zot:3    | 48699 ||| INVOKING Heroism.
 48913 | Zot:3    | 48913 ||| Stepping ~*~*~tactically~*~*~ (hiding).
 48928 | Zot:3    | 48928 ||| INVOKING Heroism.
 48938 | Zot:3    | Received a gift from Okawaru
 48966 | Zot:3    | 48966 ||| Stepping ~*~*~tactically~*~*~ (hiding).
 48978 | Zot:3    | 48978 ||| READING scroll of enchant armour.
 48978 | Zot:3    | 48978 ||| ENCHANTING +4 plate armour of willpower.
 49315 | Zot:4    | 49315 ||| Stepping ~*~*~tactically~*~*~ (hiding).
 49319 | Zot:4    | 49319 ||| INVOKING Heroism.
 49607 | Zot:4    | 49607 ||| PLANNING SLIME:5
 49607 | Zot:4    | 49607 ||| UPGRADING to +1 scale mail of Exclusion {Rampage
                  | Fly rCorr Str-5}.
 49617 | Zot:4    | 49617 ||| UPGRADING to +2 cloak of poison resistance.
 49627 | Zot:4    | 49627 ||| DRINKING 13 potions of mutation.
 49627 | Zot:4    | Lost mutation: You occasionally shout uncontrollably at
                  | your foes. [potion of mutation]
 49627 | Zot:4    | Lost mutation: You are vulnerable to cold. (rC-) [potion of
                  | mutation]
 49627 | Zot:4    | Gained mutation: You expend magic power (3 MP) to
                  | strengthen your wands. [potion of mutation]
 49627 | Zot:4    | Gained mutation: Your flesh is cold resistant. (rC+)
                  | [potion of mutation]
 49988 | Slime:1  | Entered Level 1 of the Pits of Slime
 50005 | Slime:1  | Gained mutation: You occasionally shout uncontrollably at
                  | your foes. [a shining eye]
 50047 | Slime:3  | Gained mutation: You frequently scream uncontrollably at
                  | your foes. [a shining eye]
 50056 | Slime:3  | 50056 ||| INVOKING Heroism.
 50071 | Slime:3  | Reached skill level 27 in Fighting
 50111 | Slime:4  | 50111 ||| STAIRDANCE
 50122 | Slime:4  | 50122 ||| STAIRDANCE
 50134 | Slime:4  | 50134 ||| STAIRDANCE
 50175 | Slime:4  | 50175 ||| STAIRDANCE
 50191 | Slime:4  | 50191 ||| STAIRDANCE
 50197 | Slime:3  | 50197 ||| INVOKING Heroism.
 50228 | Slime:5  | Entered Level 5 of the Pits of Slime
 50283 | Slime:5  | 50283 ||| INVOKING Heroism.
 50348 | Slime:5  | Found a viscous altar of Jiyva.
 50348 | Slime:5  | Noticed the Royal Jelly
 50351 | Slime:5  | 50351 ||| INVOKING Heroism.
 50411 | Slime:5  | 50411 ||| INVOKING Heroism.
 50414 | Slime:5  | 50414 ||| DRINKING 19 potions of curing.
 50414 | Slime:5  | 50414 ||| (to cure confusion)
 50416 | Slime:5  | 50416 ||| DRINKING 18 potions of curing.
 50416 | Slime:5  | 50416 ||| (to cure confusion)
 50417 | Slime:5  | Paralysed by a floating eye for 3 turns
 50421 | Slime:5  | 50421 ||| DRINKING 17 potions of curing.
 50421 | Slime:5  | 50421 ||| (to cure confusion)
 50468 | Slime:5  | 50468 ||| INVOKING Heroism.
 50468 | Slime:5  | HP: 31/193 [rockslime[the Royal Jelly] (25)]
 50469 | Slime:5  | 50469 ||| READING 3 scrolls of teleportation.
 50469 | Slime:5  | Demolished by a rockslime

Levels and vault maps discovered:
D:1:      nagdon_arrival_double_spiral, layout_loops_ring,
          shapermc_ecumenical_altar_starsandcircs, minmay_misc_feat_columns
D:2:      minmay_wonky_spiral, layout_basic, basic_altar,
          nicolae_kite_square_tiling_tiny, kennysheep_generic_room_8
D:3:      layout_rooms, amcnicky_altar_gilded, uniq_terence
D:4:      layout_loops_corners, uniq_duvessa, uniq_eustachio
D:5:      layout_loops_ring, minmay_temple_entry_steel_oval
D:6:      layout_basic, gammafunk_ghost_arena, pf_guarded_unrand_woodcutter,
          uniq_blork_the_orc, uniq_prince_ribbit1
D:7:      layout_basic
D:8:      layout_gridville
D:9:      layout_rooms, mainiacjoe_overflow_alcove_2
D:10:     layout_rooms
D:11:     layout_loops_cross, erik_lair_orcish_takeover, zombieorc2_lemuel,
          minivault_14
D:12:     layout_irregular_city, kennysheep_doodads
D:13:     minmay_s_stair_smasher, layout_small_grid, bh_hangedman_babel_library
D:14:     layout_irregular_city, hangedman_vaults_entry_quadrant_bands,
          nicolae_trove_entry_isolated, hangedman_decor_opposing
D:15:     gammafunk_depths_entry_grave, layout_long_grid, serial_shops, shop,
          shop, shop, nicolae_inconvenience_store, shop,
          kennysheep_okawaru_gauntlet
Temple:   mainiacjoe_temple_cubbyholes
Lair:1:   layout_concentric_octagons, ebering_ghost_reflecting_pool,
          gauntlet_entry_generic, disabler_island, grunt_megastairs_4,
          lemuel_fruit_tree, infiniplex_staircase_pool, uniq_grum
Lair:2:   layout_roguey
Lair:3:   layout_big_grid, minmay_shoals_entry_beasts,
          nicolae_snake_entry_squirm, serial_bayou, serial_bayou_shore_b,
          serial_bayou_lake_a, serial_bayou_pond_d, serial_bayou_pond_c,
          dreamdust_mushroom_princess, beast_lair_carwin_4
Lair:4:   layout_gridlike, minmay_slime_entry_pillars, portal_ice_cave_rime,
          grunt_megastairs_3, serial_bayou_shore_a, uniq_rupert
Lair:5:   cheibrodos_lair_end_hotspot, layout_loops_ring, basic_altar,
          serial_bayou_pond_b
Shoals:1: layout_shoals, serial_shops, nicolae_shop_statue_plus, uniq_josephine
Shoals:2: layout_shoals
Shoals:3: layout_shoals, nicolae_shoals_seven_spires
Shoals:4: shoals_end_hangedman, layout_shoals, minmay_shop_enchanted_jewellery,
          nicolae_shop_self_help, uniq_roxanne
Snake:1:  layout_rooms, nicolae_snake_boneroom
Snake:2:  layout_layer_cave, serial_bayou, serial_bayou_pond_c,
          serial_bayou_pond_d, serial_bayou_ford_a, serial_bayou_pond_a,
          nicolae_snake_bzzzt, serial_bayou_shore_b, uniq_aizul, uniq_vashnia
Snake:3:  layout_grid_shapes, serial_shops, shop, minmay_shoptagon, uniq_louise
Snake:4:  minmay_snake_end_coiled, layout_cave_town
Slime:1:  cheibrodos_slime_lost_civilization_1, layout_caves
Slime:2:  layout_caves, nicolae_slime_welcoming_committee
Slime:3:  layout_caves, cheibrodos_slime_lost_civilization_5
Slime:4:  layout_caves
Slime:5
Orc:1:    layout_caves, basic_altar, nicolae_specific_store, uniq_erica
Orc:2:    grunt_orc_gardens, layout_caves, grunt_orc_garden, grunt_orc_garden,
          grunt_orc_garden, grunt_orc_garden, gammafunk_ghost_arena,
          guppyfry_orc_lava_fort
Vaults:1: vaults_room_octagon, nicolae_vaults_network_quinsquares
          [nicolae_vaults_network_quincunx_subvault,
          nicolae_vaults_network_quincunx_subvault,
          nicolae_vaults_network_quincunx_subvault,
          nicolae_vaults_network_quincunx_subvault], nicolae_vaults_heist,
          nicolae_vaults_stepped_doors, v_misc_33, vaults_room_large_hall,
          nicolae_vaults_heart-shaped_vault, v_pattern_1, nicolae_vaults_two_Ls,
          nicolae_vaults_tangram_2, nicolae_vaults_house_2, layout_vaults_ring,
          serial_shops, bzr_entry_customers
Vaults:2: v_misc_15, nicolae_vaults_ninety_degrees, vaults_room_ringed_pool,
          nicolae_vaults_storage_closets_2, vaults_mumra_minichess,
          vaults_room_fours, nicolae_vaults_heart-shaped_vault,
          nicolae_vaults_surprise_closet, nicolae_vaults_library_corner,
          layout_vaults_omnigrid
Vaults:3: grunt_vaults_hallway_short, nicolae_vaults_shelves_hall,
          vaults_room_door_hall, nicolae_vaults_offset_grid_hallway_4,
          v_misc_13, minmay_crypt_entry_simple_corners, v_pattern_4,
          nicolae_vaults_storage_closets_1, nicolae_vaults_loss_of_containment,
          dpeg_vaults_monster_box, serial_ice_g, layout_vaults_big_room,
          serial_shops, freezing_bzr, uniq_sojobo
Vaults:4: st_greater_box_4, v_misc_30, nicolae_vaults_diamond_1, v_misc_33,
          ontoclasm_vaults_ligature, hangedman_vaults_variations,
          vaults_room_fours, nicolae_vaults_surprise_closet,
          vaults_room_stairs_pillars, ontoclasm_vaults_chip,
          nicolae_vaults_shelves_hall, layout_vaults_omnicross
Vaults:5: uniq_xtahua
Depths:1: layout_roguey, nemelex_diamond_rough_becter, hellmouth_2,
          marbit_kobold_abyss_entry, nicolae_ashenzari_panopticon
Depths:2: nzn_winding_woodlands_cross [nzn_winding_woodlands_5x15_twine,
          nzn_winding_woodlands_5x15_pathside_ponds,
          nzn_winding_woodlands_5x15_split_checker,
          nzn_winding_woodlands_5x15_cabin,
          nzn_winding_woodlands_15x15_five_gardens], layout_gridlike,
          rand_demon_pan_entry_5, hell_entry, minmay_shop_grove,
          infiniplex_staircase_hallway_doors, firewood_loft, uniq_saint_roka,
          uniq_asterion
Depths:3: dreamdust_merry_men, layout_small_grid, minmay_room_of_horrors,
          amcnicky_mini_pool_small, hangedman_tar_grid_catacomb
Depths:4: grunt_twist_and_shout, layout_long_grid, enter_ziggurat_b,
          nicolae_wwwww, hell_entry, yredelemnul_altar_generic
Zot:1:    dreamdust_zin_vs_xom, layout_twisted_circle, grunt_megastairs_1
Zot:2:    layout_misc_corridors, lemuel_elevator
Zot:3:    layout_basic, hangedman_elemental_grid_stream
Zot:4:    layout_misc_corridors

Skill      XL: |  1  2  3  4  5  6  7  8  9 10 11 12 13 14 15 16 17 18 19 20 21 22 23 24 25 26 |
---------------+-------------------------------------------------------------------------------+-----
Axes           | 2 3 4 5 6 7 8 9 10 11 12 13 15 16 18 | 18.0
Fighting       | 4 5 6 8 9 10 11 12 13 15 17 18 20 21 22 24 25 27 | 27.0
Dodging        | 1 2 3 4 5 6 7 8 10 | 10.5
Armour         | 4 5 6 7 9 10 11 12 14 16 17 18 19 21 22 | 22.0
Invocations    | 1 4 8 10 11 | 11.6
Shields        | 7 9 10 11 12 14 17 18 19 20 21 22 | 22.0
Throwing       | 1 2 3 4 6 7 8 10 12 13 15 | 15.0

Action                     |  1- 3 |  4- 6 |  7- 9 | 10-12 | 13-15 | 16-18 | 19-21 | 22-24 | 25-27 || total
---------------------------+-------+-------+-------+-------+-------+-------+-------+-------+-------++-------
  Melee: War axe           |    69 |   105 |   320 |   544 |    89 |       |       |       |       ||  1127
         Broad axe         |       |       |       |       |   659 |  1419 |  1479 |  1703 |  1031 ||  6291
  Throw: Boomerang         |    10 |     7 |    16 |    22 |    10 |    34 |   122 |    24 |    57 ||   302
         Javelin           |       |       |       |    81 |   193 |   102 |    51 |   120 |    99 ||   646
 Invoke: Heroism           |       |       |     6 |    17 |    33 |    35 |    27 |    28 |    30 ||   176
         Finesse           |       |       |       |     2 |     8 |     5 |    10 |     8 |     2 ||    35
    Use: Scroll            |     4 |     1 |     9 |     9 |    11 |     2 |     8 |     3 |     3 ||    50
         Potion            |       |     2 |       |     4 |     4 |     2 |     2 |     3 |     6 ||    23
   Stab: Confused          |       |       |       |       |     3 |    12 |       |     5 |     8 ||    28
         Petrifying        |       |       |       |       |     1 |     1 |       |     3 |     2 ||     7
         Petrified         |       |       |       |       |       |     1 |       |     2 |     1 ||     4
         Paralysed         |       |       |       |       |       |     1 |     4 |     8 |     4 ||    17
         Distracted        |       |       |       |       |       |       |       |       |     2 ||     2
 Armour: Scale mail        |    36 |     3 |       |       |       |       |       |       |    51 ||    90
         Plate armour      |       |    57 |   165 |   297 |   374 |   544 |   479 |   578 |   347 ||  2841
  Dodge: Dodged            |    33 |    21 |    77 |    99 |   232 |   392 |   520 |   689 |   502 ||  2565
  Block: Buckler           |    14 |    17 |    40 |       |       |       |       |       |       ||    71
         Kite shield       |       |       |    31 |   244 |   394 |       |       |       |       ||   669
         Reflection        |       |       |       |       |    53 |   111 |       |       |       ||   164
         Tower shield      |       |       |       |       |   151 |  1372 |  1116 |  1493 |   854 ||  4986

Table legend:
 A = Non-vault XP
 B = Vault XP
 C = Vault XP percentage of total XP
 D = Non-vault monster count
 E = Vault monster count
 F = Vault count percentage of total count
                 A         B        C        D         E       F
            +---------+---------+-------+---------+---------+-------
      Total |  771905 |  454199 |  37.0 |    1528 |     707 |  31.6
            +---------+---------+-------+---------+---------+-------
        D:1 |      31 |       0 |   0.0 |      12 |       0 |   0.0
        D:2 |      63 |       6 |   8.7 |      20 |       4 |  16.7
        D:3 |      29 |      36 |  55.4 |      15 |       1 |   6.2
        D:4 |     336 |     397 |  54.2 |      18 |       3 |  14.3
        D:5 |     389 |       0 |   0.0 |      14 |       0 |   0.0
        D:6 |    1161 |     675 |  36.8 |      35 |      10 |  22.2
        D:7 |    1127 |       0 |   0.0 |      18 |       0 |   0.0
        D:8 |    3439 |       0 |   0.0 |      31 |       0 |   0.0
        D:9 |    1890 |       0 |   0.0 |      17 |       0 |   0.0
       D:10 |    3040 |       0 |   0.0 |      24 |       0 |   0.0
       D:11 |    5180 |    1450 |  21.9 |      18 |      44 |  71.0
       D:12 |    4472 |       0 |   0.0 |      16 |       0 |   0.0
       D:13 |    4709 |   10799 |  69.6 |       9 |      19 |  67.9
       D:14 |    7351 |    5106 |  41.0 |      22 |      17 |  43.6
       D:15 |    8324 |    4781 |  36.5 |      21 |      10 |  32.3
     Lair:1 |    1123 |    4080 |  78.4 |       8 |      14 |  63.6
     Lair:2 |    4989 |       0 |   0.0 |      23 |       0 |   0.0
     Lair:3 |    5814 |    2358 |  28.9 |      26 |      11 |  29.7
     Lair:4 |    5998 |    5350 |  47.1 |      26 |      18 |  40.9
     Lair:5 |    7628 |   10479 |  57.9 |      21 |      33 |  61.1
   Shoals:1 |   13510 |    1770 |  11.6 |      26 |       5 |  16.1
   Shoals:2 |   17263 |       0 |   0.0 |      34 |       0 |   0.0
   Shoals:3 |    7891 |       0 |   0.0 |      17 |       0 |   0.0
   Shoals:4 |   13320 |   20743 |  60.9 |      28 |      31 |  52.5
    Snake:1 |   17577 |    4348 |  19.8 |      33 |       9 |  21.4
    Snake:2 |   17591 |    9089 |  34.1 |      38 |      11 |  22.4
    Snake:3 |   22804 |    1242 |   5.2 |      43 |       1 |   2.3
    Snake:4 |   35293 |   18425 |  34.3 |      62 |      36 |  36.7
    Slime:1 |    4056 |       0 |   0.0 |       4 |       0 |   0.0
    Slime:3 |   10581 |       0 |   0.0 |      22 |       0 |   0.0
    Slime:4 |    1596 |       0 |   0.0 |       5 |       0 |   0.0
    Slime:5 |    8529 |   12733 |  59.9 |      17 |      12 |  41.4
      Orc:1 |    2748 |     836 |  23.3 |      31 |       1 |   3.1
      Orc:2 |    4948 |   15639 |  76.0 |      47 |      47 |  50.0
   Vaults:1 |   41047 |   12799 |  23.8 |      58 |      21 |  26.6
   Vaults:2 |   30009 |   28274 |  48.5 |      42 |      35 |  45.5
   Vaults:3 |   35665 |   27066 |  43.1 |      57 |      33 |  36.7
   Vaults:4 |   27410 |   71319 |  72.2 |      35 |      77 |  68.8
   Vaults:5 |   37840 |   66449 |  63.7 |      49 |      64 |  56.6
   Depths:1 |   19157 |   12452 |  39.4 |      23 |      20 |  46.5
   Depths:2 |   48791 |   38374 |  44.0 |      58 |      43 |  42.6
   Depths:3 |   20268 |   13216 |  39.5 |      24 |      25 |  51.0
   Depths:4 |    4446 |   16213 |  78.5 |       5 |      15 |  75.0
      Zot:1 |   67591 |   20724 |  23.5 |      57 |      18 |  24.0
      Zot:2 |   47680 |     476 |   1.0 |      41 |       1 |   2.4
      Zot:3 |   32532 |   14811 |  31.3 |      24 |      10 |  29.4
      Zot:4 |   10868 |       0 |   0.0 |       9 |       0 |   0.0
    Abyss:3 |  103801 |       0 |   0.0 |     245 |       0 |   0.0
   Gauntlet |       0 |    1684 | 100.0 |       0 |       8 | 100.0
            +---------+---------+-------+---------+---------+-------
